Workbook
Name A_impresión_IM: #REF!
Name A_impresión_IM: #REF!
Name A_impresión_IM: #REF!
Name INICIAL: #REF!
Name INICIAL: #REF!
Name INICIAL: #REF!
Name Títulos_a_imprimir_IM: #REF!
Name Títulos_a_imprimir_IM: #REF!
Name Títulos_a_imprimir_IM: #REF!
Name TRAMI: #REF!
Name TRAMI: #REF!
Name TRAMI: #REF!
Name VIGENTE: #REF!
Name VIGENTE: #REF!
Name VIGENTE: #REF!
Name xx: #REF!

Sheet VIGENTE
K2: PRESUPUESTO VIGENTE MOP 2026 AL MES DE AGOSTO | AH2: OCULTAR | AJ2: revisado 6agosto 18:27 los ingresos
K3: (Miles de $ 2026) | AJ3: aca es AG-inh y SISS
AJ5: OCULTAR
F6: =+F9-F38 -> 0 | G6: =+G9-G38 -> 0 | H6: =+H9-H38 -> 0 | I6: =+I9-I38 -> 0 | J6: =+J9-J38 -> 0 | K6: =+K9-K38 -> 0 | L6: =+L9-L38 -> 0 | M6: =+M9-M38 -> 0 | ... AH6: =+AH9-AH38 -> 0
F7: Subsecretaría | G7: Dirección de Arquitectura | H7: Min. Culturas, las Artes y El Patrimonio - D. Arquitectura | I7: Dirección de Obras Hidráulicas | J7: Adm. De Infraestructura - DOH | K7: Dirección de Vialidad | L7: Adm. De Infraestructura - DV | M7: Conservación por Adm. Directa - DV | N7: FET Incendios - DV | O7: Dirección de Obras Portuarias | P7: Constru. Repara. y Manten. De Transbordadores - DOP | Q7: Dirección de Aeropuertos | R7: Conservación por Adm. Directa - DAP | S7: Dirección General de Obras Públicas | T7: Fiscalía | U7: Dirección de Planeamiento | V7: Subdirección de Servicios Sanitarios Rurales | W7: Dirección de Contabilidad y Finanzas | X7: Infraestructura para el Buen Vivir | Y7: Dirección General de Concesiones de Obras Públicas | Z7: Dirección General de Aguas | AA7: Adm. De Infraestructura - DGA | AB7: Gestión Hídrica y Organizaciones - DGA | AC7: Tramitación de Expedientes - DGA | AD7: Instituto Nacional de Hidráulica | AE7: Superintendencia de Servicios Sanitarios | AF7: TRANSFERENCIAS | AG7: TOTAL | AH7: TOTAL LEY | AJ7: total mop
F8: 01-01 | G8: 02-02 | H8: 02-22 | I8: 02-03 | J8: 02-23 | K8: 02-04 | L8: 02-24 | M8: 02-34 | N8: 02-64 | O8: 02-06 | P8: 02-26 | Q8: 02-07 | R8: 02-37 | S8: 02-09 | T8: 02-10 | U8: 02-11 | V8: 02-12 | W8: 02-13 | X8: 02-14 | Y8: 03-01 | Z8: 04-01 | AA8: 04-02 | AB8: 04-03 | AC8: 04-04 | AD8: 05-01 | AE8: 07-01 | AF8: MOP | AG8: MOP | AH8: MOP | AJ8: sin inh y sss
B9: ST. IT. | D9: I N G R E S O S | F9: =+SUM(F10:F14,F19:F22)+F36+F37 -> 34440885 | G9: =+SUM(G10:G14,G19:G22)+G36+G37 -> 49784706 | H9: =+SUM(H10:H14,H19:H22)+H36+H37 -> 23252220 | I9: =+SUM(I10:I14,I19:I22)+I36+I37 -> 255699127 | J9: =+SUM(J10:J14,J19:J22)+J36+J37 -> 12114818 | K9: =+SUM(K10:K14,K19:K22)+K36+K37 -> 2119901927 | L9: =+SUM(L10:L14,L19:L22)+L36+L37 -> 16543467 | M9: =+SUM(M10:M14,M19:M22)+M36+M37 -> 211756969 | ... AH9: =+SUM(AH10:AH14,AH19:AH22)+AH36+AH37 -> 4944359967 | AJ9: =SUM(AJ11,AJ10,AJ12,AJ13,AJ14,AJ19,AJ20,AJ21,AJ22,AJ37,AJ36) -> 4612366274
B10: 05 | D10: TRANSFERENCIAS CORRIENTES | F10: 10 | G10: 10 | I10: 10 | K10: 10 | L10: 10 | M10: 548258 | O10: 10 | P10: 10 | Q10: 10 | R10: 10 | S10: 10 | T10: 10 | U10: 10 | V10: 10 | W10: 10 | Y10: 533081 | Z10: 10 | AB10: 10 | AC10: 10 | AD10: 10 | AE10: 10 | AF10: =+M10-10 -> 548248 | AG10: =+AH10-AF10 -> 533281 | AH10: =SUM(F10:AE10) -> 1081529 | AJ10: =+AG10-AE10-AD10 -> 533261
B11: 06 | D11: RENTAS DE LA PROPIEDAD | F11: 20463 | G11: 30521 | I11: 17296 | K11: 134030 | O11: 11386 | Q11: 8867 | T11: 1164 | U11: 2863 | W11: 10411 | Z11: 5480 | AD11: 4124 | AF11: 0 | AG11: =+AH11-AF11 -> 246605 | AH11: =SUM(F11:AE11) -> 246605 | AJ11: =+AG11-AE11-AD11 -> 242481
B12: 07 | D12: INGRESOS DE OPERACIÓN | I12: 9883 | K12: 9784190 | Y12: 41946194 | AD12: 857933 | AF12: 0 | AG12: =+AH12-AF12 -> 52598200 | AH12: =SUM(F12:AE12) -> 52598200 | AJ12: =+AG12-AE12-AD12 -> 51740267
B13: 08 | D13: OTROS INGRESOS CORRIENTES | F13: 835114 | G13: 288433 | I13: 381423 | J13: 0 | K13: 11197577 | L13: 10 | M13: 161568 | O13: 378704 | P13: 10 | Q13: 181592 | R13: 10 | S13: 64255 | T13: 7693 | U13: 193715 | V13: 197385 | W13: 72274 | Y13: 75984535 | Z13: 252127 | AA13: 0 | AB13: 10 | AC13: 10 | AD13: 14556 | AE13: 112097 | AF13: 0 | AG13: =+AH13-AF13 -> 90323098 | AH13: =SUM(F13:AE13) -> 90323098 | AJ13: =+AG13-AE13-AD13 -> 90196445
B14: 09 | D14: APORTE FISCAL: | F14: =SUM(F15,F18) -> 33585258 | G14: =SUM(G15,G18) -> 42893484 | H14: =SUM(H15,H18) -> 20 | I14: =SUM(I15,I18) -> 242616560 | J14: =SUM(J15,J18) -> 12114808 | K14: =SUM(K15,K18) -> 1875453312 | L14: =SUM(L15,L18) -> 16543427 | M14: =SUM(M15,M18) -> 210653075 | ... AE14: =SUM(AE15,AE18) -> 17130496 | AF14: 0 | AG14: =+AH14-AF14 -> 3615213138 | AH14: =SUM(F14:AE14) -> 3615213138 | AJ14: =+AG14-AE14-AD14 -> 3595830819
B15: 01 | D15: Libre | F15: =SUM(F16:F17) -> 33585258 | G15: =SUM(G16:G17) -> 42893484 | H15: =SUM(H16:H17) -> 20 | I15: =SUM(I16:I17) -> 242616560 | J15: =SUM(J16:J17) -> 12114808 | K15: =SUM(K16:K17) -> 1875453312 | L15: =SUM(L16:L17) -> 16543427 | M15: =SUM(M16:M17) -> 210653075 | ... AE15: =SUM(AE16:AE17) -> 17130496 | AF15: 0 | AG15: =+AH15-AF15 -> 3612349993 | AH15: =SUM(F15:AE15) -> 3612349993 | AJ15: =+AG15-AE15-AD15 -> 3592967674
D16: - Remuneraciones | F16: 21669377 | G16: 14654908 | I16: 23358355 | K16: 94842404 | L16: 8624536 | M16: 42189203 | O16: 11203595 | P16: 443752 | Q16: 8531433 | R16: 869831 | S16: 7749045 | T16: 4179440 | U16: 6484499 | V16: 15680092 | W16: 10731015 | X16: 303999 | Y16: 17785256 | Z16: 16686659 | AB16: 2374760 | AC16: 5663855 | AD16: 2222365 | AE16: 11243409 | AF16: 0 | AG16: =+AH16-AF16 -> 327491788 | AH16: =SUM(F16:AE16) -> 327491788 | AJ16: =+AG16-AE16-AD16 -> 314026014
D17: - Resto | F17: 11915881 | G17: 28238576 | H17: 20 | I17: 219258205 | J17: 12114808 | K17: 1780610908 | L17: 7918891 | M17: 168463872 | O17: 112052860 | P17: 17121834 | Q17: 140847618 | R17: 2577858 | S17: 11217295 | T17: 348533 | U17: 2337246 | V17: 243187867 | W17: 1035747 | X17: 336903678 | Y17: 154846722 | Z17: 20919045 | AA17: 3495895 | AB17: 3153857 | AC17: 374444 | AD17: 29458 | AE17: 5887087 | AF17: 0 | AG17: =+AH17-AF17 -> 3284858205 | AH17: =SUM(F17:AE17) -> 3284858205 | AJ17: =+AG17-AE17-AD17 -> 3278941660
B18: 03 | D18: Servicio Deuda | V18: 2863145 | AF18: 0 | AG18: =+AH18-AF18 -> 2863145 | AH18: =SUM(F18:AE18) -> 2863145 | AJ18: =+AG18-AE18-AD18 -> 2863145
B19: 10 | D19: VENTA DE ACTIVOS NO FINANCIEROS | F19: 20 | I19: 2578 | M19: 394048 | U19: 1753 | V19: 2062 | Z19: 12372 | AE19: 7217 | AF19: 0 | AG19: =+AH19-AF19 -> 420050 | AH19: =SUM(F19:AE19) -> 420050 | AJ19: =+AG19-AE19-AD19 -> 412833
B20: 11 | D20: VENTA DE ACTIVOS FINANCIEROS | AF20: 0 | AG20: =+AH20-AF20 -> 0 | AH20: =SUM(F20:AE20) -> 0 | AJ20: =+AG20-AE20-AD20 -> 0
B21: 12 | D21: RECUPERACION DE PRESTAMOS | F21: 10 | G21: 10 | I21: 77977 | K21: 3025552 | L21: 10 | M21: 10 | O21: 65323 | P21: 0 | Q21: 64515 | R21: 10 | S21: 10 | T21: 10 | U21: 10 | V21: 225708 | W21: 10 | Y21: 10 | Z21: 31058 | AA21: 0 | AB21: 20781 | AD21: 81423 | AE21: 10 | AF21: 0 | AG21: =+AH21-AF21 -> 3592447 | AH21: =SUM(F21:AE21) -> 3592447 | AJ21: =+AG21-AE21-AD21 -> 3511014
B22: 13 | D22: TRANSF. PARA GASTOS DE CAPITAL | F22: =+F23+F24 -> 0 | G22: =+G23+G24 -> 6572238 | H22: =+H23+H24 -> 23252200 | I22: =+I23+I24 -> 12593390 | J22: =+J23+J24 -> 0 | K22: =+K23+K24 -> 220307246 | L22: =+L23+L24 -> 0 | M22: =+M23+M24 -> 0 | ... AF22: =+AF23+AF24 -> 309709331 | AG22: =+AH22-AF22 -> 708274352 | AH22: =SUM(F22:AE22) -> 1017983683 | AJ22: =+AG22-AE22-AD22 -> 708274352
B23: 01 | D23: Al Sector Privado | K23: 2400000 | Y23: 10774898 | AF23: 0 | AG23: =+AH23-AF23 -> 13174898 | AH23: =SUM(F23:AE23) -> 13174898
B24: 02 | D24: Al Gobierno Central | F24: =+SUM(F25:F34) -> 0 | G24: =+SUM(G25:G34) -> 6572238 | H24: =+SUM(H25:H34) -> 23252200 | I24: =+SUM(I25:I34) -> 12593390 | J24: =+SUM(J25:J34) -> 0 | K24: =+SUM(K25:K34) -> 217907246 | L24: =+SUM(L25:L34) -> 0 | M24: =+SUM(M25:M34) -> 0 | N24: =+SUM(N25:N35) -> 1000 | O24: =+SUM(O25:O34) -> 6714226 | P24: =+SUM(P25:P34) -> 0 | Q24: =+SUM(Q25:Q34) -> 3851000 | R24: =+SUM(R25:R34) -> 0 | S24: =+SUM(S25:S34) -> 0 | T24: =+SUM(T25:T34) -> 0 | U24: =+SUM(U25:U34) -> 0 | V24: =+SUM(V25:V34) -> 62071231 | ... AF24: =+SUM(AF25:AF34) -> 309709331 | AG24: =+AH24-AF24 -> 695099454 | AH24: =SUM(F24:AE24) -> 1004808785
D25: 001 - I.V.A Concesiones Obras Públicas | Y25: 551482891 | AF25: 0 | AG25: =+AH25-AF25 -> 551482891 | AH25: =SUM(F25:AE25) -> 551482891
D26: 002 - Fondo De Infraestructura | Y26: 104596558 | AF26: 0 | AG26: =+AH26-AF26 -> 104596558 | AH26: =SUM(F26:AE26) -> 104596558
D27: 003 - Servicio Nacional del Patrimonio Cultural | H27: 11908036 | AF27: 0 | AG27: =+AH27-AF27 -> 11908036 | AH27: =SUM(F27:AE27) -> 11908036
D28: 005 - Reintegro IVA Concesiones DGAC | Y28: 15766805 | AF28: 0 | AG28: =+AH28-AF28 -> 15766805 | AH28: =SUM(F28:AE28) -> 15766805
D29: 014 - Servicio Agricola y Ganadero | AF29: 0 | AG29: =+AH29-AF29 -> 0 | AH29: =SUM(F29:AE29) -> 0
D30: 015 - Servicio Nacional de Aduanas | AF30: =+SUM(G30:AE30) -> 0 | AG30: =+AH30-AF30 -> 0 | AH30: =SUM(F30:AE30) -> 0
D31: 027 - SUBDERE - Recuperacion Region del Maule | AF31: 0 | AG31: =+AH31-AF31 -> 0 | AH31: =SUM(F31:AE31) -> 0
D32: 029 - Subsecretaria de las Culturas y las Artes | H32: 11344164 | AF32: 0 | AG32: =+AH32-AF32 -> 11344164 | AH32: =SUM(F32:AE32) -> 11344164
D33: 300 - De Programa de Infraestructura para el Buen Vivir | G33: 6572238 | I33: 12593390 | K33: 217907246 | O33: 6714226 | Q33: 3851000 | V33: 62071231 | AF33: =+SUM(G33:AE33) -> 309709331 | AG33: =+AH33-AF33 -> 0 | AH33: =SUM(F33:AE33) -> 309709331
D34: 301 - De Fondo De Infraestructura para el Desarrollo 2023 | AF34: =+SUM(G34:AE34) -> 0 | AG34: =+AH34-AF34 -> 0 | AH34: =SUM(F34:AE34) -> 0
D35: 400 - FET por Incendios - Ley N°21.681 | N35: 1000
B36: 14 | D36: ENDEUDAMIENTO | AF36: 0 | AG36: =+AH36-AF36 -> 0 | AH36: =SUM(F36:AE36) -> 0 | AJ36: =+AG36-AE36-AD36 -> 0
B37: 15 | D37: SALDO INICIAL DE CAJA | F37: 10 | G37: 10 | I37: 10 | J37: 10 | K37: 10 | L37: 10 | M37: 10 | O37: 10 | P37: 10 | Q37: 10 | R37: 10 | S37: 10 | T37: 10 | U37: 10 | V37: 10 | W37: 10 | X37: 10 | Y37: 160911200 | Z37: 10 | AA37: 161882 | AB37: 551540 | AD37: 91915 | AE37: 1184500 | AF37: 0 | AG37: =+AH37-AF37 -> 162901217 | AH37: =SUM(F37:AE37) -> 162901217 | AJ37: =+AG37-AE37-AD37 -> 161624802
D38: G A S T O S | F38: =SUM(F39,F40,F41,F42,F48,F49,F50,F59,F60,F64,F65,F69,F70) -> 34440885 | G38: =SUM(G39,G40,G41,G42,G48,G49,G50,G59,G60,G64,G65,G69,G70) -> 49784706 | H38: =SUM(H39,H40,H41,H42,H48,H49,H50,H59,H60,H64,H65,H69,H70) -> 23252220 | I38: =SUM(I39,I40,I41,I42,I48,I49,I50,I59,I60,I64,I65,I69,I70) -> 255699127 | J38: =SUM(J39,J40,J41,J42,J48,J49,J50,J59,J60,J64,J65,J69,J70) -> 12114818 | K38: =SUM(K39,K40,K41,K42,K48,K49,K50,K59,K60,K64,K65,K69,K70) -> 2119901927 | L38: =SUM(L39,L40,L41,L42,L48,L49,L50,L59,L60,L64,L65,L69,L70) -> 16543467 | M38: =SUM(M39,M40,M41,M42,M48,M49,M50,M59,M60,M64,M65,M69,M70) -> 211756969 | ... AG38: =SUM(AG39,AG40,AG41,AG42,AG48,AG49,AG50,AG59,AG60,AG64,AG65,AG69,AG70) -> 4634102388 | AH38: =SUM(F38:AE38) -> 4944359967 | AJ38: =SUM(AJ39,AJ40,AJ41,AJ42,AJ48,AJ49,AJ50,AJ59:AJ60,AJ64,AJ65,AJ69,AJ70) -> 4612366274
B39: 21 | D39: GASTOS EN PERSONAL | F39: 21669377 | G39: 14654908 | I39: 23358355 | K39: 94842404 | L39: 8624536 | M39: 42189203 | O39: 11203595 | P39: 443752 | Q39: 8531433 | R39: 869831 | S39: 7749045 | T39: 4179440 | U39: 6484499 | V39: 15680092 | W39: 10731015 | X39: 303999 | Y39: 18318327 | Z39: 16686659 | AB39: 2374760 | AC39: 5663855 | AD39: 2216362 | AE39: 11243409 | AF39: 0 | AG39: =+AH39-AF39 -> 328018856 | AH39: =SUM(F39:AE39) -> 328018856 | AJ39: =+AG39-AE39-AD39 -> 314559085
B40: 22 | D40: BIENES Y SERVICIOS DE CONSUMO | F40: 7263264 | G40: 995599 | I40: 5019469 | J40: 10954062 | K40: 8292432 | L40: 3800453 | M40: 47361878 | O40: 750423 | P40: 9796603 | Q40: 553613 | R40: 397169 | S40: 742284 | T40: 227225 | U40: 342132 | V40: 1957225 | W40: 568819 | X40: 21531 | Y40: 1254348 | Z40: 2299247 | AA40: 1596558 | AB40: 351771 | AC40: 188854 | AD40: 341697 | AE40: 5301270 | AF40: 0 | AG40: =+AH40-AF40 -> 110377926 | AH40: =SUM(F40:AE40) -> 110377926 | AJ40: =+AG40-AE40-AD40 -> 104734959
B41: 23 | D41: PRESTACIONES DE SEG. SOCIAL | F41: 12618 | G41: 152798 | I41: 321942 | K41: 556366 | L41: 22855 | M41: 330602 | O41: 210865 | Q41: 20 | R41: 20 | S41: 102380 | T41: 36349 | U41: 10 | V41: 20 | W41: 56013 | Y41: 10 | Z41: 14352 | AD41: 35471 | AE41: 27333 | AF41: 0 | AG41: =+AH41-AF41 -> 1880024 | AH41: =SUM(F41:AE41) -> 1880024 | AJ41: =+AG41-AE41-AD41 -> 1817220
B42: 24 | D42: TRANSFERENCIAS CORRIENTES | F42: =+SUM(F43:F47) -> 0 | G42: =+SUM(G43:G47) -> 0 | H42: =+SUM(H43:H47) -> 0 | I42: =+SUM(I43:I47) -> 548248 | J42: =+SUM(J43:J47) -> 0 | K42: =+SUM(K43:K47) -> 1289671 | L42: =+SUM(L43:L47) -> 0 | M42: =+SUM(M43:M47) -> 0 | ... AF42: =+SUM(AF43:AF47) -> 548248 | AG42: =+AH42-AF42 -> 10420698 | AH42: =SUM(F42:AE42) -> 10968946 | AJ42: =+AG42-AE42-AD42 -> 10420698
B43: 01 | D43: Al Sector Privado | K43: 1289671 | S43: 96257 | Z43: 170860 | AF43: 0 | AG43: =+AH43-AF43 -> 1556788 | AH43: =SUM(F43:AE43) -> 1556788 | AJ43: =+AG43-AE43-AD43 -> 1556788
B44: 02 | D44: Al Gobierno Central | I44: 548248 | O44: 2409629 | AF44: =+I44 -> 548248 | AG44: =+AH44-AF44 -> 2409629 | AH44: =SUM(F44:AE44) -> 2957877
B45: 03 | D45: A otras Entidades Públicas | V45: 2451857 | AB45: 300999 | AF45: 0 | AG45: =+AH45-AF45 -> 2752856 | AH45: =SUM(F45:AE45) -> 2752856
B46: 07 | D46: Organización para la Cooperación y Desarrollo Economico | S46: 84533 | AF46: 0 | AG46: =+AH46-AF46 -> 84533 | AH46: =SUM(F46:AE46) -> 84533
B47: 08 | D47: Aplicacion Leyes N° 20.998 y 21.435 | V47: 3450106 | AB47: 166786 | AF47: 0 | AG47: =+AH47-AF47 -> 3616892 | AH47: =SUM(F47:AE47) -> 3616892
B48: 25 | D48: INTEGROS AL FISCO | F48: 355079 | G48: 429468 | I48: 357507 | K48: 1630885 | L48: 26959 | M48: 57958 | O48: 244556 | P48: 20 | Q48: 105060 | R48: 20 | S48: 101849 | T48: 57688 | U48: 257498 | V48: 209683 | W48: 175737 | Y48: 292806 | Z48: 401872 | AB48: 3567 | AC48: 20 | AD48: 51560 | AE48: 87645 | AF48: 0 | AG48: =+AH48-AF48 -> 4847437 | AH48: =SUM(F48:AE48) -> 4847437 | AJ48: =+AG48-AE48-AD48 -> 4708232
B49: 26 | D49: OTROS GASTOS CORRIENTES | I49: 0 | V49: 0 | AF49: 0 | AG49: =+AH49-AF49 -> 0 | AH49: =SUM(F49:AE49) -> 0 | AJ49: =+AG49-AE49-AD49 -> 0
B50: 29 | D50: ADQUIS. DE ACTIVOS NO FINANCIEROS | F50: =SUM(F51:F58) -> 4195510 | G50: =SUM(G51:G58) -> 381145 | H50: =SUM(H51:H58) -> 0 | I50: =SUM(I51:I58) -> 569141 | J50: =SUM(J51:J58) -> 0 | K50: =SUM(K51:K58) -> 1551066 | L50: =SUM(L51:L58) -> 3299956 | M50: =SUM(M51:M58) -> 3593105 | ... AE50: =SUM(AE51:AE58) -> 343060 | AF50: 0 | AG50: =+AH50-AF50 -> 29360240 | AH50: =SUM(F50:AE50) -> 29360240 | AJ50: =+AG50-AE50-AD50 -> 28892622
B51: 01 | D51: Terrenos | I51: 51661 | AF51: 0 | AG51: =+AH51-AF51 -> 51661 | AH51: =SUM(F51:AE51) -> 51661 | AJ51: =+AG51-AE51-AD51 -> 51661
B52: 02 | D52: Edificios | AF52: 0 | AG52: =+AH52-AF52 -> 0 | AH52: =SUM(F52:AE52) -> 0 | AJ52: =+AG52-AE52-AD52 -> 0
B53: 03 | D53: Vehiculos | L53: 1104520 | M53: 2093000 | P53: 7028245 | AE53: 0 | AF53: 0 | AG53: =+AH53-AF53 -> 10225765 | AH53: =SUM(F53:AE53) -> 10225765 | AJ53: =+AG53-AE53-AD53 -> 10225765
B54: 04 | D54: Mobiliario y Otros | U54: 4066 | AD54: 0 | AE54: 0 | AF54: 0 | AG54: =+AH54-AF54 -> 4066 | AH54: =SUM(F54:AE54) -> 4066 | AJ54: =+AG54-AE54-AD54 -> 4066
B55: 05 | D55: Maquinas y Equipos | F55: 475522 | K55: 520000 | L55: 1895124 | M55: 1500105 | R55: 552469 | AA55: 1761636 | AE55: 0 | AF55: 0 | AG55: =+AH55-AF55 -> 6704856 | AH55: =SUM(F55:AE55) -> 6704856 | AJ55: =+AG55-AE55-AD55 -> 6704856
B56: 06 | D56: Equipos Informáticos | F56: 916569 | G56: 149304 | I56: 88309 | K56: 548363 | L56: 171437 | O56: 74452 | P56: 6914 | Q56: 75531 | S56: 43591 | T56: 30889 | U56: 53757 | V56: 59875 | W56: 45064 | Y56: 161656 | Z56: 387606 | AD56: 54004 | AE56: 229283 | AF56: 0 | AG56: =+AH56-AF56 -> 3096604 | AH56: =SUM(F56:AE56) -> 3096604 | AJ56: =+AG56-AE56-AD56 -> 2813317
B57: 07 | D57: Programas Informáticos | F57: 2800491 | G57: 231841 | I57: 429171 | K57: 482703 | L57: 128875 | O57: 253406 | Q57: 199918 | S57: 160730 | T57: 3738 | U57: 209066 | V57: 364599 | W57: 157828 | Y57: 779077 | Z57: 843342 | AC57: 185580 | AD57: 70554 | AE57: 113777 | AF57: 0 | AG57: =+AH57-AF57 -> 7414696 | AH57: =SUM(F57:AE57) -> 7414696 | AJ57: =+AG57-AE57-AD57 -> 7230365
B58: 99 | D58: Otros Activos No Financieros | F58: 2928 | O58: 1743244 | Q58: 17527 | R58: 10310 | V58: 64458 | Z58: 24125 | AF58: 0 | AG58: =+AH58-AF58 -> 1862592 | AH58: =SUM(F58:AE58) -> 1862592
B59: 30 | D59: ADQUIS. DE ACTIVOS FINANCIEROS | AF59: 0 | AG59: =+AH59-AF59 -> 0 | AH59: =SUM(F59:AE59) -> 0 | AJ59: =+AH59-AE59-AD59 -> 0
B60: 31 | D60: INVERSION REAL | F60: =SUM(F61,F62,F63) -> 0 | G60: =SUM(G61,G62,G63) -> 29565163 | H60: =SUM(H61,H62,H63) -> 19251920 | I60: =SUM(I61,I62,I63) -> 202256256 | J60: =SUM(J61,J62,J63) -> 0 | K60: =SUM(K61,K62,K63) -> 1790194659 | L60: =SUM(L61,L62,L63) -> 0 | M60: =SUM(M61,M62,M63) -> 110136040 | ... AE60: =SUM(AE61,AE62,AE63) -> 247103 | AF60: 0 | AG60: =+AH60-AF60 -> 3088089219 | AH60: =SUM(F60:AE60) -> 3088089219 | AJ60: =+AG60-AE60-AD60 -> 3087442088
B61: 01 | D61: Estudios Básicos | H61: 718506 | I61: 1464611 | K61: 6557030 | O61: 1108833 | Q61: 823662 | U61: 1017907 | V61: 2600570 | Z61: 2005343 | AB61: 2380999 | AF61: 0 | AG61: =+AH61-AF61 -> 18677461 | AH61: =SUM(F61:AE61) -> 18677461 | AJ61: =+AG61-AE61-AD61 -> 18677461
B62: 02 | D62: Proyectos | G62: 29565163 | H62: 18533414 | I62: =184777306+16066000-51661 -> 200791645 | K62: 1783637629 | M62: 110136040 | N62: 1000 | O62: 105503566 | Q62: 123521511 | R62: 1476926 | V62: 270809813 | Y62: 412296435 | Z62: 12491485 | AD62: 400028 | AE62: 247103 | AF62: 0 | AG62: =+AH62-AF62 -> 3069411758 | AH62: =SUM(F62:AE62) -> 3069411758 | AJ62: =+AG62-AE62-AD62 -> 3068764627
B63: 03 | D63: Programas | AF63: 0 | AG63: =+AH63-AF63 -> 0 | AH63: =SUM(F63:AE63) -> 0 | AJ63: =+AG63-AE63-AD63 -> 0
B64: 32 | D64: PRESTAMOS | G64: 10 | H64: 10 | I64: 10 | K64: 10 | O64: 10 | Q64: 10 | V64: 10 | Z64: 10 | AF64: 0 | AG64: =+AH64-AF64 -> 80 | AH64: =SUM(F64:AE64) -> 80 | AJ64: =+AG64-AE64-AD64 -> 80
B65: 33 | D65: TRANSF. DE CAPITAL | F65: =+SUM(F66:F68) -> 0 | G65: =+SUM(G66:G68) -> 0 | H65: =+SUM(H66:H68) -> 4000280 | I65: =+SUM(I66:I68) -> 0 | J65: =+SUM(J66:J68) -> 0 | K65: =+SUM(K66:K68) -> 0 | L65: =+SUM(L66:L68) -> 0 | M65: =+SUM(M66:M68) -> 0 | ... AF65: =+SUM(AF66:AF68) -> 309709331 | AG65: =+AH65-AF65 -> 608296873 | AH65: =SUM(F65:AE65) -> 918006204 | AJ65: =+AG65-AE65-AD65 -> 608296873
B66: 01 | D66: Al Sector Privado | Y66: 567249696 | AF66: 0 | AG66: =+AH66-AF66 -> 567249696 | AH66: =SUM(F66:AE66) -> 567249696
B67: 02 | D67: Al Gobierno Central | X67: 309709331 | AF67: =+SUM(G67:AE67) -> 309709331 | AG67: =+AH67-AF67 -> 0 | AH67: =SUM(F67:AE67) -> 309709331
B68: 03 | D68: A Otras Entidades Públicas | H68: 4000280 | S68: 9930860 | X68: 27116037 | AF68: 0 | AG68: =+AH68-AF68 -> 41047177 | AH68: =SUM(F68:AE68) -> 41047177
B69: 34 | D69: SERVICIO DE LA DEUDA | F69: 945027 | G69: 3605605 | I69: 23268189 | J69: 1160746 | K69: 221544424 | L69: 768698 | M69: 8088173 | O69: 6923525 | P69: 290072 | Q69: 19656750 | R69: 140974 | S69: 19086 | T69: 1521 | U69: 651161 | V69: 26579192 | W69: 114991 | X69: 56779 | Y69: 134275785 | Z69: 2581850 | AA69: 299573 | AB69: 522066 | AD69: 132098 | AE69: 1184500 | AF69: 0 | AG69: =+AH69-AF69 -> 452810785 | AH69: =SUM(F69:AE69) -> 452810785 | AJ69: =+AG69-AE69-AD69 -> 451494187
B70: 35 | D70: SALDO FINAL DE CAJA | F70: 10 | G70: 10 | H70: 10 | I70: 10 | J70: 10 | K70: 10 | L70: 10 | M70: 10 | O70: 10 | P70: 10 | Q70: 10 | R70: 10 | S70: 10 | T70: 10 | U70: 10 | V70: 10 | W70: 10 | X70: 10 | Y70: 10 | Z70: 10 | AA70: 10 | AB70: 10 | AC70: 10 | AD70: 10 | AE70: 10 | AF70: 0 | AG70: =+AH70-AF70 -> 250 | AH70: =SUM(F70:AE70) -> 250 | AJ70: =+AG70-AE70-AD70 -> 230
AI72: =+AI9-AI38 -> 0 | AJ72: =+AJ9-AJ38 -> 0

Sheet EJEC NO IMPRIMIR
K2: PRESUPUESTO EJECUTADO MOP 2026 AL MES DE AGOSTO
K3: INGRESAR EN PESOS -----NO IMPRIMIR---- | M3: INGRESAR EN PESOS -----NO IMPRIMIR----
F7: Subsecretaría | G7: Dirección de Arquitectura | H7: Min. Culturas, las Artes y El Patrimonio - D. Arquitectura | I7: Dirección de Obras Hidráulicas | J7: Adm. De Infraestructura - DOH | K7: Dirección de Vialidad | L7: Adm. De Infraestructura - DV | M7: Conservación por Adm. Directa - DV | N7: FET Incendios - DV | O7: Dirección de Obras Portuarias | P7: Constru. Repara. y Manten. De Transbordadores - DOP | Q7: Dirección de Aeropuertos | R7: Conservación por Adm. Directa - DAP | S7: Dirección General de Obras Públicas | T7: Fiscalía | U7: Dirección de Planeamiento | V7: Subdirección de Servicios Sanitarios Rurales | W7: Dirección de Contabilidad y Finanzas | X7: Infraestructura para el Buen Vivir | Y7: Dirección General de Concesiones de Obras Públicas | Z7: Dirección General de Aguas | AA7: Adm. De Infraestructura - DGA | AB7: Gestión Hídrica y Organizaciones - DGA | AC7: Tramitación de Expedientes - DGA | AD7: INH | AE7: SSS | AF7: TRANSFERENCIAS | AG7: TOTAL | AH7: TOTAL | AJ7: total mop
F8: 01-01 | G8: 02-02 | H8: 02-22 | I8: 02-03 | J8: 02-23 | K8: 02-04 | L8: 02-24 | M8: 02-34 | N8: 02-64 | O8: 02-06 | P8: 02-26 | Q8: 02-07 | R8: 02-37 | S8: 02-09 | T8: 02-10 | U8: 02-11 | V8: 02-12 | W8: 02-13 | X8: 02-14 | Y8: 03-01 | Z8: 04-01 | AA8: 04-02 | AB8: 04-03 | AC8: 04-04 | AD8: 05-01 | AE8: 07-01 | AF8: MOP | AG8: MOP | AH8: MOP | AJ8: sin inh y sss
B9: ST. IT. | D9: I N G R E S O S | F9: =SUM(F11,F12,F13,F14,F19,F20,F21,F22,F36,F37,F10) -> 18108767474 | G9: =SUM(G11,G12,G13,G14,G19,G20,G21,G22,G36,G37,G10) -> 40599903792 | H9: =SUM(H11,H12,H13,H14,H19,H20,H21,H22,H36,H37,H10) -> 12447088637 | I9: =SUM(I11,I12,I13,I14,I19,I20,I21,I22,I36,I37,I10) -> 115227134174 | J9: =SUM(J11,J12,J13,J14,J19,J20,J21,J22,J36,J37,J10) -> 8008416508 | K9: =SUM(K11,K12,K13,K14,K19,K20,K21,K22,K36,K37,K10) -> 1058080916605 | L9: =SUM(L11,L12,L13,L14,L19,L20,L21,L22,L36,L37,L10) -> 10537519850 | M9: =SUM(M11,M12,M13,M14,M19,M20,M21,M22,M36,M37,M10) -> 113494380552 | O9: =SUM(O11,O12,O13,O14,O19,O20,O21,O22,O36,O37,O10) -> 81099622543 | P9: =SUM(P11,P12,P13,P14,P19,P20,P21,P22,P36,P37,P10) -> 8108884589 | Q9: =SUM(Q11,Q12,Q13,Q14,Q19,Q20,Q21,Q22,Q36,Q37,Q10) -> 96701313505 | R9: =SUM(R11,R12,R13,R14,R19,R20,R21,R22,R36,R37,R10) -> 1855866128 | S9: =SUM(S11,S12,S13,S14,S19,S20,S21,S22,S36,S37,S10) -> 10317483911 | T9: =SUM(T11,T12,T13,T14,T19,T20,T21,T22,T36,T37,T10) -> 3201932842 | U9: =SUM(U11,U12,U13,U14,U19,U20,U21,U22,U36,U37,U10) -> 6773285040 | V9: =SUM(V11,V12,V13,V14,V19,V20,V21,V22,V36,V37,V10) -> 148052486845 | ... AE9: =SUM(AE11,AE12,AE13,AE14,AE19,AE20,AE21,AE22,AE36,AE37,AE10) -> 10838587000 | AF9: =+SUM(AF10:AF14,AF19:AF22)+AF36+AF37 -> 128625126690 | AG9: =+SUM(AG10:AG14,AG19:AG22)+AG36+AG37 -> 2769780832263 | AH9: =SUM(AH11,AH12,AH13,AH14,AH19,AH20,AH21,AH22,AH36,AH37,AH10) -> 2898405958953 | AJ9: =SUM(AJ11,AJ10,AJ12,AJ13,AJ14,AJ19,AJ20,AJ21,AJ22,AJ37,AJ36) -> 2757196479263
B10: 05 | D10: TRANSFERENCIAS CORRIENTES | F10: 196906370 | G10: 60319252 | I10: 170993893 | K10: 1099283010 | L10: 137868419 | M10: 214725966 | O10: 77129163 | P10: 45736 | Q10: 38859748 | R10: 0 | S10: 98363436 | T10: 6069220 | U10: 34877026 | V10: 69938170 | W10: 136707185 | Y10: 23253710 | Z10: 166409494 | AB10: 11401270 | AC10: 36494777 | AD10: 2866000 | AE10: 1279000 | AF10: =+X10 -> 0 | AG10: =+AH10-AF10 -> 2583790845 | AH10: =SUM(F10:AE10) -> 2583790845 | AJ10: =+AG10-AE10-AD10 -> 2579645845
B11: 06 | D11: RENTAS DE LA PROPIEDAD | F11: 14420841 | G11: 19567540 | I11: 11522810 | K11: 104781244 | M11: 3635481 | O11: 7787745 | Q11: 5357353 | R11: 470300 | T11: 741596 | U11: 1905649 | V11: 2713581 | W11: 6741135 | Z11: 3164908 | AD11: 2273000 | AF11: 0 | AG11: =+AH11-AF11 -> 185083183 | AH11: =SUM(F11:AE11) -> 185083183 | AJ11: =+AG11-AE11-AD11 -> 182810183 | AL11: OK
B12: 07 | D12: INGRESOS DE OPERACIÓN | I12: 2333794728 | K12: 4765813938 | Y12: 38518668155 | AD12: 168229000 | AF12: 0 | AG12: =+AH12-AF12 -> 45786505821 | AH12: =SUM(F12:AE12) -> 45786505821 | AJ12: =+AG12-AE12-AD12 -> 45618276821 | AL12: OK
B13: 08 | D13: OTROS INGRESOS CORRIENTES | F13: 317243307 | G13: 272241546 | H13: 61502320 | I13: 963934751 | J13: 417253 | K13: 9635841976 | L13: 43377334 | M13: 321525379 | O13: 331055272 | P13: 12541 | Q13: 211664195 | R13: 3870344 | S13: 148470668 | T13: 112030004 | U13: 103327575 | V13: 1340341509 | W13: 117203711 | Y13: 126718946298 | Z13: 280497887 | AA13: 2277056 | AB13: 15939608 | AC13: 27328161 | AD13: 18882000 | AE13: 122835000 | AF13: 0 | AG13: =+AH13-AF13 -> 141170765695 | AH13: =SUM(F13:AE13) -> 141170765695 | AJ13: =+AG13-AE13-AD13 -> 141029048695 | AL13: OK
B14: 09 | D14: APORTE FISCAL: | F14: =SUM(F15,F18) -> 18149164000 | G14: =SUM(G15,G18) -> 16975826000 | H14: =SUM(H15,H18) -> 0 | I14: =SUM(I15,I18) -> 99667000000 | J14: =SUM(J15,J18) -> 6647000000 | K14: =SUM(K15,K18) -> 1029860644013 | L14: =SUM(L15,L18) -> 9222871000 | M14: =SUM(M15,M18) -> 116964374000 | ... AE14: =SUM(AE15,AE18) -> 10714473000 | AF14: 0 | AG14: =+AH14-AF14 -> 1872920105007 | AH14: =SUM(F14:AE14) -> 1872920105007 | AJ14: =+AG14-AE14-AD14 -> 1860885499007
B15: 01 | D15: Libre | F15: =SUM(F16:F17) -> 18149164000 | G15: =SUM(G16:G17) -> 16975826000 | H15: =SUM(H16:H17) -> 0 | I15: =SUM(I16:I17) -> 99667000000 | J15: =SUM(J16:J17) -> 6647000000 | K15: =SUM(K16:K17) -> 1029860644013 | L15: =SUM(L16:L17) -> 9222871000 | M15: =SUM(M16:M17) -> 116964374000 | ... AE15: =SUM(AE16:AE17) -> 10714473000 | AF15: 0 | AG15: =+AH15-AF15 -> 1871572679013 | AH15: =SUM(F15:AE15) -> 1871572679013 | AJ15: =+AG15-AE15-AD15 -> 1859538073013
D16: - Remuneraciones | F16: 13784477000 | G16: 9425826000 | I16: 13847000000 | K16: 66062738213 | L16: 5650871000 | M16: 31161374000 | O16: 7250862000 | P16: 263752000 | Q16: 5921700000 | R16: 612500000 | S16: 5402510000 | T16: 2743380000 | U16: 4176570000 | V16: 8220000000 | W16: 7056727000 | X16: 113225000 | Y16: 11319491000 | Z16: 11251207000 | AB16: 1534000000 | AC16: 3764900000 | AD16: 1320133000 | AE16: 6876872000 | AF16: 0 | AG16: =+AH16-AF16 -> 217760115213 | AH16: =SUM(F16:AE16) -> 217760115213 | AJ16: =+AG16-AE16-AD16 -> 209563110213 | AL16: OK
D17: - Resto | F17: 4364687000 | G17: 7550000000 | I17: 85820000000 | J17: 6647000000 | K17: 963797905800 | L17: 3572000000 | M17: 85803000000 | O17: 52470000000 | P17: 6236000000 | Q17: 66091000000 | R17: 1077000000 | S17: 3175000000 | T17: 90000000 | U17: 1132000000 | V17: 77790000000 | W17: 266000000 | X17: 131344000000 | Y17: 134440322000 | Z17: 15105203000 | AA17: 1443391000 | AB17: 1500000000 | AC17: 260454000 | AE17: 3837601000 | AF17: 0 | AG17: =+AH17-AF17 -> 1653812563800 | AH17: =SUM(F17:AE17) -> 1653812563800 | AJ17: =+AG17-AE17-AD17 -> 1649974962800 | AL17: OK
B18: 03 | D18: Servicio Deuda | V18: 1347425994 | AF18: 0 | AG18: =+AH18-AF18 -> 1347425994 | AH18: =SUM(F18:AE18) -> 1347425994 | AJ18: =+AG18-AE18-AD18 -> 1347425994
B19: 10 | D19: VENTA DE ACTIVOS NO FINANCIEROS | F19: 6970000 | I19: 44040000 | K19: 1169900000 | O19: 8000000 | U19: 0 | V19: 0 | Z19: 0 | AF19: 0 | AG19: =+AH19-AF19 -> 1228910000 | AH19: =SUM(F19:AE19) -> 1228910000 | AJ19: =+AG19-AE19-AD19 -> 1228910000 | AL19: OK
B20: 11 | D20: VENTA DE ACTIVOS FINANCIEROS | AF20: 0 | AG20: =+AH20-AF20 -> 0 | AH20: =SUM(F20:AE20) -> 0 | AJ20: =+AG20-AE20-AD20 -> 0
B21: 12 | D21: RECUPERACION DE PRESTAMOS | F21: 1680143066 | G21: 1270727296 | H21: 669201317 | I21: 3513863736 | K21: 42214079174 | L21: 130503552 | M21: 429514002 | O21: 3646909592 | P21: 562066 | Q21: 1468838877 | R21: 1258970 | S21: 583514941 | T21: 154462891 | U21: 342198175 | V21: 3127079258 | W21: 995346295 | Y21: 268645471 | Z21: 1282958732 | AA21: 385528 | AB21: 41892028 | AD21: 139770000 | AF21: 0 | AG21: =+AH21-AF21 -> 61961854967 | AH21: =SUM(F21:AE21) -> 61961854967 | AJ21: =+AG21-AE21-AD21 -> 61822084967 | AL21: OK
B22: 13 | D22: TRANSF. PARA GASTOS DE CAPITAL | F22: =+F23+F24 -> 0 | G22: =+G23+G24 -> 4959938547 | H22: =+H23+H24 -> 11716385000 | I22: =+I23+I24 -> 5113616066 | J22: =+J23+J24 -> 0 | K22: =+K23+K24 -> 87532206609 | L22: =+L23+L24 -> 0 | M22: =+M23+M24 -> 0 | ... AF22: =+AF23+AF24 -> 128625126690 | AG22: =+AH22-AF22 -> 512350767120 | AH22: =SUM(F22:AE22) -> 640975893810 | AJ22: =+AG22-AE22-AD22 -> 512350767120
B23: 01 | D23: Al Sector Privado | F23: 0 | K23: 2200000000 | Y23: 101855976120 | AF23: 0 | AG23: =+AH23-AF23 -> 104055976120 | AH23: =SUM(F23:AE23) -> 104055976120 | AJ23: =+AG23-AE23-AD23 -> 104055976120
B24: 02 | D24: Al Gobierno Central | F24: =+SUM(F25:F34) -> 0 | G24: =+SUM(G25:G34) -> 4959938547 | H24: =+SUM(H25:H34) -> 11716385000 | I24: =+SUM(I25:I34) -> 5113616066 | J24: =+SUM(J25:J34) -> 0 | K24: =+SUM(K25:K34) -> 85332206609 | L24: =+SUM(L25:L34) -> 0 | M24: =+SUM(M25:M34) -> 0 | ... AF24: =+SUM(AF25:AF34) -> 128625126690 | AG24: =+AH24-AF24 -> 408294791000 | AH24: =SUM(F24:AE24) -> 536919917690 | AJ24: =+AG24-AE24-AD24 -> 408294791000
D25: 001 - I.V.A Concesiones Obras Públicas | Y25: 378789406000 | AF25: 0 | AG25: =+AH25-AF25 -> 378789406000 | AH25: =SUM(F25:AE25) -> 378789406000 | AJ25: =+AG25-AE25-AD25 -> 378789406000
D26: 002 - Fondo De Infraestructura | Y26: 17289000000 | AF26: 0 | AG26: =+AH26-AF26 -> 17289000000 | AH26: =SUM(F26:AE26) -> 17289000000 | AJ26: =+AG26-AE26-AD26 -> 17289000000
D27: 003 - Servicio Nacional del Patrimonio Cultural | G27: 500000000 | H27: 5000000000 | AF27: 0 | AG27: =+AH27-AF27 -> 5500000000 | AH27: =SUM(F27:AE27) -> 5500000000 | AJ27: =+AG27-AE27-AD27 -> 5500000000
D28: 005 - Reintegro IVA Concesiones DGAC | Y28: 0 | AF28: 0 | AG28: =+AH28-AF28 -> 0 | AH28: =SUM(F28:AE28) -> 0 | AJ28: =+AG28-AE28-AD28 -> 0
D29: 014 - Servicio Agricola y Ganadero | AF29: 0 | AG29: =+AH29-AF29 -> 0 | AH29: =SUM(F29:AE29) -> 0 | AJ29: =+AG29-AE29-AD29 -> 0 | AM29: 132098
D30: 015 - Servicio Nacional de Aduanas | AF30: 0 | AG30: =+AH30-AF30 -> 0 | AH30: =SUM(F30:AE30) -> 0 | AJ30: =+AG30-AE30-AD30 -> 0 | AM30: 17597
D31: 027 - SUBDERE - Recuperacion Region del Maule | AF31: 0 | AG31: =+AH31-AF31 -> 0 | AH31: =SUM(F31:AE31) -> 0 | AJ31: =+AG31-AE31-AD31 -> 0 | AM31: 9831
D32: 029 - Subsecretaria de las Culturas y las Artes | H32: 6716385000 | AF32: 0 | AG32: =+AH32-AF32 -> 6716385000 | AH32: =SUM(F32:AE32) -> 6716385000 | AJ32: =+AG32-AE32-AD32 -> 6716385000 | AM32: 35461
D33: 300 - De Programa de Infraestructura para el Buen Vivir | G33: 4459938547 | I33: 5113616066 | K33: 85332206609 | O33: 5134565638 | Q33: 497940501 | V33: 28086859329 | AF33: =+SUM(G33:AE33) -> 128625126690 | AG33: =+AH33-AF33 -> 0 | AH33: =SUM(F33:AE33) -> 128625126690 | AJ33: =+AG33-AE33-AD33 -> 0 | AM33: 147121
D34: 301 - De Fondo De Infraestructura para el Desarrollo 2023 | AF34: =+SUM(G34:AE34) -> 0 | AG34: =+AH34-AF34 -> 0 | AH34: =SUM(F34:AE34) -> 0 | AJ34: =+AG34-AE34-AD34 -> 0 | AM34: 1290460
D35: 400 - FET por Incendios - Ley N°21.681 | AM35: =SUM(AM29:AM34) -> 1632568
B36: 14 | D36: ENDEUDAMIENTO | AF36: 0 | AG36: =+AH36-AF36 -> 0 | AH36: =SUM(F36:AE36) -> 0 | AJ36: =+AG36-AE36-AD36 -> 0
B37: 15 | D37: SALDO INICIAL DE CAJA | F37: -2256080110 | G37: 17041283611 | I37: 3408368190 | J37: 1360999255 | K37: -118301633359 | L37: 1002899545 | M37: -4439394276 | O37: 12173313133 | P37: 1608512246 | Q37: 22465952831 | R37: 160766514 | S37: 909624866 | T37: 95249131 | U37: 982406615 | V37: 28068129004 | W37: 467562267 | X37: 57344510 | Y37: 165978688790 | Z37: -347883391 | AA37: 161882385 | AB37: 901444868 | AD37: 93613000 | AF37: 0 | AG37: =+AH37-AF37 -> 131593049625 | AH37: =SUM(F37:AE37) -> 131593049625 | AJ37: =+AG37-AE37-AD37 -> 131499436625
D38: G A S T O S | F38: =SUM(F39,F40,F41,F42,F48,F49,F50,F59,F60,F64,F65,F69,F70) -> 20190014377 | G38: =SUM(G39,G40,G41,G42,G48,G49,G50,G59,G60,G64,G65,G69,G70) -> 33261163062 | H38: =SUM(H39,H40,H41,H42,H48,H49,H50,H59,H60,H64,H65,H69,H70) -> 6094793288 | I38: =SUM(I39,I40,I41,I42,I48,I49,I50,I59,I60,I64,I65,I69,I70) -> 125920842078 | J38: =SUM(J39,J40,J41,J42,J48,J49,J50,J59,J60,J64,J65,J69,J70) -> 8001228972 | K38: =SUM(K39,K40,K41,K42,K48,K49,K50,K59,K60,K64,K65,K69,K70) -> 1314977098755 | L38: =SUM(L39,L40,L41,L42,L48,L49,L50,L59,L60,L64,L65,L69,L70) -> 9061347665 | M38: =SUM(M39,M40,M41,M42,M48,M49,M50,M59,M60,M64,M65,M69,M70) -> 109297682402 | ... AG38: =SUM(AG39,AG40,AG41,AG42,AG48,AG49,AG50,AG59,AG60,AG64,AG65,AG69,AG70) -> 2714982689964 | AH38: =SUM(F38:AE38) -> 2843607816654 | AJ38: =SUM(AJ39,AJ40,AJ41,AJ42,AJ48,AJ49,AJ50,AJ59,AJ60,AJ64,AJ65,AJ69,AJ70) -> 2700966525964
B39: 21 | D39: GASTOS EN PERSONAL | F39: 13634017848 | G39: 9404511915 | I39: 15572327879 | K39: 65158074357 | L39: 5896873655 | M39: 29134318185 | O39: 7202057556 | P39: 266865058 | Q39: 5602047020 | R39: 577309012 | S39: 5181425641 | T39: 2763480031 | U39: 4261891130 | V39: 10350871747 | W39: 7161263114 | X39: 113650296 | Y39: 11951349693 | Z39: 11034075025 | AB39: 1476079716 | AC39: 3867795483 | AD39: 1290460000 | AE39: 8011822000 | AF39: 0 | AG39: =+AH39-AF39 -> 219912566361 | AH39: =SUM(F39:AE39) -> 219912566361 | AJ39: =+AG39-AE39-AD39 -> 210610284361 | AL39: OK
B40: 22 | D40: BIENES Y SERVICIOS DE CONSUMO | F40: 4151875967 | G40: 511702489 | I40: 2500192177 | J40: 6840483268 | K40: 4522616889 | L40: 2088258671 | M40: 24546643058 | O40: 381467943 | P40: 1822814501 | Q40: 311806063 | R40: 128441635 | S40: 464663756 | T40: 139540327 | U40: 193482272 | V40: 956166626 | W40: 342672568 | X40: 411596 | Y40: 730169237 | Z40: 1221625407 | AA40: 577321405 | AB40: 13745855 | AC40: 38928111 | AD40: 147121000 | AE40: 3094753000 | AF40: 0 | AG40: =+AH40-AF40 -> 55726903821 | AH40: =SUM(F40:AE40) -> 55726903821 | AJ40: =+AG40-AE40-AD40 -> 52485029821 | AL40: OK
B41: 23 | D41: PRESTACIONES DE SEG. SOCIAL | F41: 152600041 | G41: 265803515 | I41: 468606524 | K41: 963615569 | L41: 157699486 | M41: 767155560 | O41: 230436150 | Q41: 65661160 | R41: 715269 | S41: 168578543 | T41: 143470968 | U41: 59912717 | V41: 33333095 | W41: 195081847 | Y41: 62037733 | Z41: 136588660 | AD41: 35461000 | AE41: 27323000 | AF41: 0 | AG41: =+AH41-AF41 -> 3934080837 | AH41: =SUM(F41:AE41) -> 3934080837 | AJ41: =+AG41-AE41-AD41 -> 3871296837 | AL41: OK
B42: 24 | D42: TRANSFERENCIAS CORRIENTES | F42: =+SUM(F43:F47) -> 0 | G42: =+SUM(G43:G47) -> 0 | H42: =+SUM(H43:H47) -> 0 | I42: =+SUM(I43:I47) -> 0 | J42: =+SUM(J43:J47) -> 0 | K42: =+SUM(K43:K47) -> 0 | L42: =+SUM(L43:L47) -> 0 | M42: =+SUM(M43:M47) -> 0 | ... AF42: =+SUM(AF43:AF47) -> 0 | AG42: =+AH42-AF42 -> 3140480993 | AH42: =SUM(F42:AE42) -> 3140480993 | AI42: =+SUM(AI43:AI45) -> 0 | AJ42: =+AG42-AE42-AD42 -> 3140480993 | AL42: OK
B43: 01 | D43: Al Sector Privado | S43: 96256380 | Z43: 170860000 | AF43: 0 | AG43: =+AH43-AF43 -> 267116380 | AH43: =SUM(F43:AE43) -> 267116380 | AJ43: =+AG43-AE43-AD43 -> 267116380
B44: 02 | D44: Al Gobierno Central | O44: 1927703200 | AF44: 0 | AG44: =+AH44-AF44 -> 1927703200 | AH44: =SUM(F44:AE44) -> 1927703200
B45: 03 | D45: A otras Entidades Públicas | V45: 429737972 | AB45: 300999000 | AF45: 0 | AG45: =+AH45-AF45 -> 730736972 | AH45: =SUM(F45:AE45) -> 730736972
B46: 07 | D46: Organización para la Cooperación y Desarrollo Economico | S46: 84532248 | AF46: 0 | AG46: =+AH46-AF46 -> 84532248 | AH46: =SUM(F46:AE46) -> 84532248
B47: 08 | D47: Aplicacion Leyes N° 20.998 y 21.435 | V47: 130392193 | AF47: 0 | AG47: =+AH47-AF47 -> 130392193 | AH47: =SUM(F47:AE47) -> 130392193
B48: 25 | D48: INTEGROS AL FISCO | F48: 354211924 | G48: 4241078606 | I48: 414344580 | K48: 3336905350 | L48: 41228980 | M48: 106810978 | O48: 129667272 | P48: 0 | Q48: 171555169 | R48: 2491957 | S48: 117802176 | T48: 140525425 | U48: 101401666 | V48: 251983977 | W48: 184791040 | Y48: 53883496679 | Z48: 280055781 | AB48: 14852019 | AC48: 11411870 | AD48: 9831000 | AF48: 0 | AG48: =+AH48-AF48 -> 63794446449 | AH48: =SUM(F48:AE48) -> 63794446449 | AJ48: =+AG48-AE48-AD48 -> 63784615449
B49: 26 | D49: OTROS GASTOS CORRIENTES | I49: 58137699 | K49: 571879976 | M49: 9052264 | V49: 48611233 | Y49: 833592265 | AF49: 0 | AG49: =+AH49-AF49 -> 1521273437 | AH49: =SUM(F49:AE49) -> 1521273437 | AJ49: =+AG49-AE49-AD49 -> 1521273437
B50: 29 | D50: ADQUIS. DE ACTIVOS NO FINANCIEROS | F50: =SUM(F51:F58) -> 952282063 | G50: =SUM(G51:G58) -> 87337007 | H50: =SUM(H51:H58) -> 0 | I50: =SUM(I51:I58) -> 452927988 | J50: =SUM(J51:J58) -> 0 | K50: =SUM(K51:K58) -> 92895203 | L50: =SUM(L51:L58) -> 108589560 | M50: =SUM(M51:M58) -> 7457074 | ... AE50: =SUM(AE51:AE58) -> 65199000 | AF50: 0 | AG50: =+AH50-AF50 -> 8098858660 | AH50: =SUM(F50:AE50) -> 8098858660 | AJ50: =+AG50-AE50-AD50 -> 8016062660 | AL50: OK
B51: 01 | D51: Terrenos | AF51: 0 | AG51: =+AH51-AF51 -> 0 | AH51: =SUM(F51:AE51) -> 0 | AJ51: =+AG51-AE51-AD51 -> 0
B52: 02 | D52: Edificios | AF52: 0 | AG52: =+AH52-AF52 -> 0 | AH52: =SUM(F52:AE52) -> 0 | AJ52: =+AG52-AE52-AD52 -> 0
B53: 03 | D53: Vehiculos | P53: 3364459076 | AF53: 0 | AG53: =+AH53-AF53 -> 3364459076 | AH53: =SUM(F53:AE53) -> 3364459076 | AJ53: =+AG53-AE53-AD53 -> 3364459076
B54: 04 | D54: Mobiliario y Otros | AF54: 0 | AG54: =+AH54-AF54 -> 0 | AH54: =SUM(F54:AE54) -> 0 | AJ54: =+AG54-AE54-AD54 -> 0
B55: 05 | D55: Maquinas y Equipos | F55: 8935992 | K55: 2454375 | L55: 4189560 | M55: 7457074 | R55: 319610397 | AA55: 854602215 | AF55: 0 | AG55: =+AH55-AF55 -> 1197249613 | AH55: =SUM(F55:AE55) -> 1197249613 | AJ55: =+AG55-AE55-AD55 -> 1197249613
B56: 06 | D56: Equipos Informáticos | F56: 161337289 | G56: 64655231 | I56: 45982321 | K56: 90440828 | O56: 48059608 | P56: 2396454 | S56: 37109736 | T56: 27779671 | U56: 15128995 | V56: 48429734 | W56: 45063747 | Y56: 11581695 | Z56: 11098556 | AE56: 6972000 | AF56: 0 | AG56: =+AH56-AF56 -> 616035865 | AH56: =SUM(F56:AE56) -> 616035865 | AJ56: =+AG56-AE56-AD56 -> 609063865
B57: 07 | D57: Programas Informáticos | F57: 781764951 | G57: 22681776 | I57: 406945667 | L57: 104400000 | O57: 113103203 | Q57: 127453657 | S57: 135981633 | U57: 38651822 | V57: 364317731 | W57: 127475201 | Y57: 382612056 | Z57: 239414628 | AD57: 17597000 | AE57: 58227000 | AF57: 0 | AG57: =+AH57-AF57 -> 2920626325 | AH57: =SUM(F57:AE57) -> 2920626325 | AJ57: =+AG57-AE57-AD57 -> 2844802325
B58: 99 | D58: Otros Activos No Financieros | F58: 243831 | Z58: 243950 | AF58: 0 | AG58: =+AH58-AF58 -> 487781 | AH58: =SUM(F58:AE58) -> 487781
B59: 30 | D59: ADQUIS. DE ACTIVOS FINANCIEROS | AF59: 0 | AG59: =+AH59-AF59 -> 0 | AH59: =SUM(F59:AE59) -> 0 | AJ59: =+AG59-AE59-AD59 -> 0
B60: 31 | D60: INVERSION REAL | F60: =SUM(F61:F63) -> 0 | G60: =SUM(G61:G63) -> 15145124816 | H60: =SUM(H61:H63) -> 6094793288 | I60: =SUM(I61:I63) -> 83186116709 | J60: =SUM(J61:J63) -> 0 | K60: =SUM(K61:K63) -> 1018786687735 | L60: =SUM(L61:L63) -> 0 | M60: =SUM(M61:M63) -> 46638072479 | ... AE60: =SUM(AE61:AE63) -> 0 | AF60: 0 | AG60: =+AH60-AF60 -> 1645104096721 | AH60: =SUM(F60:AE60) -> 1645104096721 | AJ60: =+AG60-AE60-AD60 -> 1645104096721 | AL60: OK
B61: 01 | D61: Estudios Básicos | H61: 321775232 | I61: 480329433 | K61: 2978993444 | O61: 168600845 | Q61: 361347842 | U61: 511498372 | V61: 1308626258 | Z61: 150419690 | AB61: 275326981 | AF61: 0 | AG61: =+AH61-AF61 -> 6556918097 | AH61: =SUM(F61:AE61) -> 6556918097 | AJ61: =+AG61-AE61-AD61 -> 6556918097
B62: 02 | D62: Proyectos | G62: 15145124816 | H62: 5773018056 | I62: 82705787276 | K62: 1015807694291 | M62: 46638072479 | N62: 97031 | O62: 71718449798 | Q62: 59946230231 | R62: 614382725 | V62: 137032976338 | Y62: 200499447020 | Z62: 2665898563 | AF62: 0 | AG62: =+AH62-AF62 -> 1638547178624 | AH62: =SUM(F62:AE62) -> 1638547178624 | AJ62: =+AG62-AE62-AD62 -> 1638547178624
B63: 03 | D63: Programas | AF63: 0 | AG63: =+AH63-AF63 -> 0 | AH63: =SUM(F63:AE63) -> 0 | AJ63: =+AG63-AE63-AD63 -> 0
B64: 32 | D64: PRESTAMOS | AF64: 0 | AG64: =+AH64-AF64 -> 0 | AH64: =SUM(F64:AE64) -> 0 | AJ64: =+AG64-AE64-AD64 -> 0
B65: 33 | D65: TRANSF. DE CAPITAL | F65: =+SUM(F66:F68) -> 0 | G65: =+SUM(G66:G68) -> 0 | H65: =+SUM(H66:H68) -> 0 | I65: =+SUM(I66:I68) -> 0 | J65: =+SUM(J66:J68) -> 0 | K65: =+SUM(K66:K68) -> 0 | L65: =+SUM(L66:L68) -> 0 | M65: =+SUM(M66:M68) -> 0 | ... AF65: =+SUM(AF66:AF68) -> 128625126690 | AG65: =+AH65-AF65 -> 262454927703 | AH65: =SUM(F65:AE65) -> 391080054393 | AJ65: =+AG65-AE65-AD65 -> 262454927703
B66: 01 | D66: Al Sector Privado | Y66: 259772112703 | AG66: =+AH66-AF66 -> 259772112703 | AH66: =SUM(F66:AE66) -> 259772112703
B67: 02 | D67: Al Gobierno Central | X67: 128625126690 | AF67: =+SUM(G67:AE67) -> 128625126690 | AG67: =+AH67-AF67 -> 0 | AH67: =SUM(F67:AE67) -> 128625126690
B68: 03 | D68: A Otras Entidades Públicas | X68: 2682815000 | AG68: =+AH68-AF68 -> 2682815000 | AH68: =SUM(F68:AE68) -> 2682815000
B69: 34 | D69: SERVICIO DE LA DEUDA | F69: 945026534 | G69: 3605604714 | I69: 23268188522 | J69: 1160745704 | K69: 221544423676 | L69: 768697313 | M69: 8088172804 | O69: 6923524607 | P69: 290071177 | Q69: 19656749802 | R69: 140973465 | S69: 19085480 | T69: 1520034 | U69: 651160695 | V69: 25063472723 | W69: 114990464 | X69: 56778394 | Y69: 134275784573 | Z69: 2581849332 | AA69: 299572118 | AB69: 522065851 | AD69: 132098000 | AE69: 1184499000 | AG69: =+AH69-AF69 -> 451295054982 | AH69: =SUM(F69:AE69) -> 451295054982 | AJ69: =+AG69-AE69-AD69 -> 449978457982
B70: 35 | D70: SALDO FINAL DE CAJA | AG70: =+AH70-AF70 -> 0 | AH70: =SUM(F70:AE70) -> 0 | AJ70: =+AG70-AE70-AD70 -> 0
AD72: =+AD9-AD38 -> 113198000 | AE72: =+AE9-AE38 -> -1545009000 | AH72: =+AH9-AH38 -> 54798142299 | AI72: =+AI9-AI38 -> 0 | AJ72: =+AJ9-AJ38 -> 56229953299

Sheet EJECUTADO
D1: 1000
K2: PRESUPUESTO EJECUTADO MOP 2026 AL MES DE AGOSTO
K3: (Miles de $ 2026)
F7: Subsecretaría | G7: Dirección de Arquitectura | H7: Min. Culturas, las Artes y El Patrimonio - D. Arquitectura | I7: Dirección de Obras Hidráulicas | J7: Adm. De Infraestructura - DOH | K7: Dirección de Vialidad | L7: Adm. De Infraestructura - DV | M7: Conservación por Adm. Directa - DV | N7: FET Incendios - DV | O7: Dirección de Obras Portuarias | P7: Constru. Repara. y Manten. De Transbordadores - DOP | Q7: Dirección de Aeropuertos | R7: Conservación por Adm. Directa - DAP | S7: Dirección General de Obras Públicas | T7: Fiscalía | U7: Dirección de Planeamiento | V7: Subdirección de Servicios Sanitarios Rurales | W7: Dirección de Contabilidad y Finanzas | X7: Infraestructura para el Buen Vivir | Y7: Dirección General de Concesiones de Obras Públicas | Z7: Dirección General de Aguas | AA7: Adm. De Infraestructura - DGA | AB7: Gestión Hídrica y Organizaciones - DGA | AC7: Tramitación de Expedientes - DGA | AD7: Instituto Nacional de Hidráulica | AE7: Superintendencia de Servicios Sanitarios | AF7: TRANSFERENCIAS | AG7: TOTAL | AH7: TOTAL LEY | AJ7: total mop
F8: 01-01 | G8: 02-02 | H8: 02-22 | I8: 02-03 | J8: 02-23 | K8: 02-04 | L8: 02-24 | M8: 02-34 | N8: 02-64 | O8: 02-06 | P8: 02-26 | Q8: 02-07 | R8: 02-37 | S8: 02-09 | T8: 02-10 | U8: 02-11 | V8: 02-12 | W8: 02-13 | X8: 02-14 | Y8: 03-01 | Z8: 04-01 | AA8: 04-02 | AB8: 04-03 | AC8: 04-04 | AD8: 05-01 | AE8: 07-01 | AF8: MOP | AG8: MOP | AH8: MOP | AJ8: sin inh y sss | AM8: suma regular + FET | AQ8: 1000
B9: ST. IT. | D9: I N G R E S O S | F9: =SUM(F11,F12,F13,F14,F19,F20,F21,F22,F36,F37,F10) -> 18108767 | G9: =SUM(G11,G12,G13,G14,G19,G20,G21,G22,G36,G37,G10) -> 40599904 | H9: =SUM(H11,H12,H13,H14,H19,H20,H21,H22,H36,H37,H10) -> 12447089 | I9: =SUM(I11,I12,I13,I14,I19,I20,I21,I22,I36,I37,I10) -> 1.1522713e+08 | J9: =SUM(J11,J12,J13,J14,J19,J20,J21,J22,J36,J37,J10) -> 8008416.5 | K9: =SUM(K11,K12,K13,K14,K19,K20,K21,K22,K36,K37,K10) -> 1.0580809e+09 | L9: =SUM(L11,L12,L13,L14,L19,L20,L21,L22,L36,L37,L10) -> 10537520 | M9: =SUM(M11,M12,M13,M14,M19,M20,M21,M22,M36,M37,M10) -> 1.1349438e+08 | ... AG9: =SUM(AG11,AG12,AG13,AG14,AG19,AG20,AG21,AG22,AG36,AG37,AG10) -> 2.7697808e+09 | AH9: =SUM(AH11,AH12,AH13,AH14,AH19,AH20,AH21,AH22,AH37,AH10,AH36) -> 2.898406e+09 | AJ9: =SUM(AJ11,AJ10,AJ12,AJ13,AJ14,AJ19,AJ20,AJ21,AJ22,AJ37,AJ36) -> 2.8858216e+09 | AL9: =SUM(AL11,AL10,AL12,AL13,AL14,AL19,AL20,AL21,AL22,AL37,AL36) -> #REF! | AM9: =+AJ9+AL9 -> #REF! | AP9: =+(AH9-AD9-AE9)+#REF! -> #REF! | AV9: =+AH9+#REF! -> #REF!
B10: 05 | D10: TRANSFERENCIAS CORRIENTES | F10: ='EJEC NO IMPRIMIR'!F10/EJECUTADO!$D$1 -> 196906.37 | G10: ='EJEC NO IMPRIMIR'!G10/EJECUTADO!$D$1 -> 60319.252 | H10: ='EJEC NO IMPRIMIR'!H10/EJECUTADO!$D$1 -> 0 | I10: ='EJEC NO IMPRIMIR'!I10/EJECUTADO!$D$1 -> 170993.89 | J10: ='EJEC NO IMPRIMIR'!J10/EJECUTADO!$D$1 -> 0 | K10: ='EJEC NO IMPRIMIR'!K10/EJECUTADO!$D$1 -> 1099283 | L10: ='EJEC NO IMPRIMIR'!L10/EJECUTADO!$D$1 -> 137868.42 | M10: ='EJEC NO IMPRIMIR'!M10/EJECUTADO!$D$1 -> 214725.97 | ... AH10: ='EJEC NO IMPRIMIR'!AH10/EJECUTADO!$D$1 -> 2583790.8 | AJ10: =+AH10-AE10-AD10 -> 2579645.8 | AM10: =+AJ10+AL10 -> 2579645.8
B11: 06 | D11: RENTAS DE LA PROPIEDAD | F11: ='EJEC NO IMPRIMIR'!F11/EJECUTADO!$D$1 -> 14420.841 | G11: ='EJEC NO IMPRIMIR'!G11/EJECUTADO!$D$1 -> 19567.54 | H11: ='EJEC NO IMPRIMIR'!H11/EJECUTADO!$D$1 -> 0 | I11: ='EJEC NO IMPRIMIR'!I11/EJECUTADO!$D$1 -> 11522.81 | J11: ='EJEC NO IMPRIMIR'!J11/EJECUTADO!$D$1 -> 0 | K11: ='EJEC NO IMPRIMIR'!K11/EJECUTADO!$D$1 -> 104781.24 | L11: ='EJEC NO IMPRIMIR'!L11/EJECUTADO!$D$1 -> 0 | M11: ='EJEC NO IMPRIMIR'!M11/EJECUTADO!$D$1 -> 3635.481 | ... AH11: ='EJEC NO IMPRIMIR'!AH11/EJECUTADO!$D$1 -> 185083.18 | AJ11: =+AH11-AE11-AD11 -> 182810.18 | AM11: =+AJ11+AL11 -> 182810.18 | AP11: 128095636 | AQ11: =+AP11/$AQ$8 -> 128095.64 | AR11: =+AM11-AQ11 -> 54714.547
B12: 07 | D12: INGRESOS DE OPERACIÓN | F12: ='EJEC NO IMPRIMIR'!F12/EJECUTADO!$D$1 -> 0 | G12: ='EJEC NO IMPRIMIR'!G12/EJECUTADO!$D$1 -> 0 | H12: ='EJEC NO IMPRIMIR'!H12/EJECUTADO!$D$1 -> 0 | I12: ='EJEC NO IMPRIMIR'!I12/EJECUTADO!$D$1 -> 2333794.7 | J12: ='EJEC NO IMPRIMIR'!J12/EJECUTADO!$D$1 -> 0 | K12: ='EJEC NO IMPRIMIR'!K12/EJECUTADO!$D$1 -> 4765813.9 | L12: ='EJEC NO IMPRIMIR'!L12/EJECUTADO!$D$1 -> 0 | M12: ='EJEC NO IMPRIMIR'!M12/EJECUTADO!$D$1 -> 0 | ... AH12: ='EJEC NO IMPRIMIR'!AH12/EJECUTADO!$D$1 -> 45786506 | AJ12: =+AH12-AE12-AD12 -> 45618277 | AM12: =+AJ12+AL12 -> 45618277 | AP12: 23144149493 | AQ12: =+AP12/$AQ$8 -> 23144149 | AR12: =+AM12-AQ12 -> 22474127
B13: 08 | D13: OTROS INGRESOS CORRIENTES | F13: ='EJEC NO IMPRIMIR'!F13/EJECUTADO!$D$1 -> 317243.31 | G13: ='EJEC NO IMPRIMIR'!G13/EJECUTADO!$D$1 -> 272241.55 | H13: ='EJEC NO IMPRIMIR'!H13/EJECUTADO!$D$1 -> 61502.32 | I13: ='EJEC NO IMPRIMIR'!I13/EJECUTADO!$D$1 -> 963934.75 | J13: ='EJEC NO IMPRIMIR'!J13/EJECUTADO!$D$1 -> 417.253 | K13: ='EJEC NO IMPRIMIR'!K13/EJECUTADO!$D$1 -> 9635842 | L13: ='EJEC NO IMPRIMIR'!L13/EJECUTADO!$D$1 -> 43377.334 | M13: ='EJEC NO IMPRIMIR'!M13/EJECUTADO!$D$1 -> 321525.38 | ... AH13: ='EJEC NO IMPRIMIR'!AH13/EJECUTADO!$D$1 -> 1.4117077e+08 | AJ13: =+AH13-AE13-AD13 -> 1.4102905e+08 | AL13: =+#REF! -> #REF! | AM13: =+AJ13+AL13 -> #REF! | AP13: 33381115545 | AQ13: =+AP13/$AQ$8 -> 33381116 | AR13: =+AM13-AQ13 -> #REF!
B14: 09 | D14: APORTE FISCAL: | F14: ='EJEC NO IMPRIMIR'!F14/EJECUTADO!$D$1 -> 18149164 | G14: ='EJEC NO IMPRIMIR'!G14/EJECUTADO!$D$1 -> 16975826 | H14: ='EJEC NO IMPRIMIR'!H14/EJECUTADO!$D$1 -> 0 | I14: ='EJEC NO IMPRIMIR'!I14/EJECUTADO!$D$1 -> 99667000 | J14: ='EJEC NO IMPRIMIR'!J14/EJECUTADO!$D$1 -> 6647000 | K14: ='EJEC NO IMPRIMIR'!K14/EJECUTADO!$D$1 -> 1.0298606e+09 | L14: ='EJEC NO IMPRIMIR'!L14/EJECUTADO!$D$1 -> 9222871 | M14: ='EJEC NO IMPRIMIR'!M14/EJECUTADO!$D$1 -> 116964374 | ... AH14: ='EJEC NO IMPRIMIR'!AH14/EJECUTADO!$D$1 -> 1.8729201e+09 | AJ14: =+AH14-AE14-AD14 -> 1.8608855e+09 | AM14: =+AJ14+AL14 -> 1.8608855e+09 | AQ14: =+AP14/$AQ$8 -> 0 | AR14: =+AM14-AQ14 -> 1.8608855e+09
B15: 01 | D15: Libre | F15: ='EJEC NO IMPRIMIR'!F15/EJECUTADO!$D$1 -> 18149164 | G15: ='EJEC NO IMPRIMIR'!G15/EJECUTADO!$D$1 -> 16975826 | H15: ='EJEC NO IMPRIMIR'!H15/EJECUTADO!$D$1 -> 0 | I15: ='EJEC NO IMPRIMIR'!I15/EJECUTADO!$D$1 -> 99667000 | J15: ='EJEC NO IMPRIMIR'!J15/EJECUTADO!$D$1 -> 6647000 | K15: ='EJEC NO IMPRIMIR'!K15/EJECUTADO!$D$1 -> 1.0298606e+09 | L15: ='EJEC NO IMPRIMIR'!L15/EJECUTADO!$D$1 -> 9222871 | M15: ='EJEC NO IMPRIMIR'!M15/EJECUTADO!$D$1 -> 116964374 | ... AH15: ='EJEC NO IMPRIMIR'!AH15/EJECUTADO!$D$1 -> 1.8715727e+09 | AJ15: =+AH15-AE15-AD15 -> 1.8595381e+09 | AM15: =+AJ15+AL15 -> 1.8595381e+09 | AQ15: =+AP15/$AQ$8 -> 0 | AR15: =+AM15-AQ15 -> 1.8595381e+09
D16: - Remuneraciones | F16: ='EJEC NO IMPRIMIR'!F16/EJECUTADO!$D$1 -> 13784477 | G16: ='EJEC NO IMPRIMIR'!G16/EJECUTADO!$D$1 -> 9425826 | H16: ='EJEC NO IMPRIMIR'!H16/EJECUTADO!$D$1 -> 0 | I16: ='EJEC NO IMPRIMIR'!I16/EJECUTADO!$D$1 -> 13847000 | J16: ='EJEC NO IMPRIMIR'!J16/EJECUTADO!$D$1 -> 0 | K16: ='EJEC NO IMPRIMIR'!K16/EJECUTADO!$D$1 -> 66062738 | L16: ='EJEC NO IMPRIMIR'!L16/EJECUTADO!$D$1 -> 5650871 | M16: ='EJEC NO IMPRIMIR'!M16/EJECUTADO!$D$1 -> 31161374 | ... AH16: ='EJEC NO IMPRIMIR'!AH16/EJECUTADO!$D$1 -> 2.1776012e+08 | AJ16: =+AH16-AE16-AD16 -> 2.0956311e+08 | AM16: =+AJ16+AL16 -> 2.0956311e+08 | AP16: 122660085000 | AQ16: =+AP16/$AQ$8 -> 122660085 | AR16: =+AM16-AQ16 -> 86903025
D17: - Resto | F17: ='EJEC NO IMPRIMIR'!F17/EJECUTADO!$D$1 -> 4364687 | G17: ='EJEC NO IMPRIMIR'!G17/EJECUTADO!$D$1 -> 7550000 | H17: ='EJEC NO IMPRIMIR'!H17/EJECUTADO!$D$1 -> 0 | I17: ='EJEC NO IMPRIMIR'!I17/EJECUTADO!$D$1 -> 85820000 | J17: ='EJEC NO IMPRIMIR'!J17/EJECUTADO!$D$1 -> 6647000 | K17: ='EJEC NO IMPRIMIR'!K17/EJECUTADO!$D$1 -> 9.6379791e+08 | L17: ='EJEC NO IMPRIMIR'!L17/EJECUTADO!$D$1 -> 3572000 | M17: ='EJEC NO IMPRIMIR'!M17/EJECUTADO!$D$1 -> 85803000 | ... AH17: ='EJEC NO IMPRIMIR'!AH17/EJECUTADO!$D$1 -> 1.6538126e+09 | AJ17: =+AH17-AE17-AD17 -> 1.649975e+09 | AM17: =+AJ17+AL17 -> 1.649975e+09 | AP17: 809032850000 | AQ17: =+AP17/$AQ$8 -> 809032850 | AR17: =+AM17-AQ17 -> 8.4094211e+08
B18: 03 | D18: Servicio Deuda | F18: ='EJEC NO IMPRIMIR'!F18/EJECUTADO!$D$1 -> 0 | G18: ='EJEC NO IMPRIMIR'!G18/EJECUTADO!$D$1 -> 0 | H18: ='EJEC NO IMPRIMIR'!H18/EJECUTADO!$D$1 -> 0 | I18: ='EJEC NO IMPRIMIR'!I18/EJECUTADO!$D$1 -> 0 | J18: ='EJEC NO IMPRIMIR'!J18/EJECUTADO!$D$1 -> 0 | K18: ='EJEC NO IMPRIMIR'!K18/EJECUTADO!$D$1 -> 0 | L18: ='EJEC NO IMPRIMIR'!L18/EJECUTADO!$D$1 -> 0 | M18: ='EJEC NO IMPRIMIR'!M18/EJECUTADO!$D$1 -> 0 | ... AH18: ='EJEC NO IMPRIMIR'!AH18/EJECUTADO!$D$1 -> 1347426 | AJ18: =+AH18-AE18-AD18 -> 1347426 | AM18: =+AJ18+AL18 -> 1347426 | AP18: 321874632 | AQ18: =+AP18/$AQ$8 -> 321874.63 | AR18: =+AM18-AQ18 -> 1025551.4
B19: 10 | D19: VENTA DE ACTIVOS NO FINANCIEROS | F19: ='EJEC NO IMPRIMIR'!F19/EJECUTADO!$D$1 -> 6970 | G19: ='EJEC NO IMPRIMIR'!G19/EJECUTADO!$D$1 -> 0 | H19: ='EJEC NO IMPRIMIR'!H19/EJECUTADO!$D$1 -> 0 | I19: ='EJEC NO IMPRIMIR'!I19/EJECUTADO!$D$1 -> 44040 | J19: ='EJEC NO IMPRIMIR'!J19/EJECUTADO!$D$1 -> 0 | K19: ='EJEC NO IMPRIMIR'!K19/EJECUTADO!$D$1 -> 1169900 | L19: ='EJEC NO IMPRIMIR'!L19/EJECUTADO!$D$1 -> 0 | M19: ='EJEC NO IMPRIMIR'!M19/EJECUTADO!$D$1 -> 0 | ... AH19: ='EJEC NO IMPRIMIR'!AH19/EJECUTADO!$D$1 -> 1228910 | AJ19: =+AH19-AE19-AD19 -> 1228910 | AM19: =+AJ19+AL19 -> 1228910 | AQ19: =+AP19/$AQ$8 -> 0 | AR19: =+AM19-AQ19 -> 1228910
B20: 11 | D20: VENTA DE ACTIVOS FINANCIEROS | F20: ='EJEC NO IMPRIMIR'!F20/EJECUTADO!$D$1 -> 0 | G20: ='EJEC NO IMPRIMIR'!G20/EJECUTADO!$D$1 -> 0 | H20: ='EJEC NO IMPRIMIR'!H20/EJECUTADO!$D$1 -> 0 | I20: ='EJEC NO IMPRIMIR'!I20/EJECUTADO!$D$1 -> 0 | J20: ='EJEC NO IMPRIMIR'!J20/EJECUTADO!$D$1 -> 0 | K20: ='EJEC NO IMPRIMIR'!K20/EJECUTADO!$D$1 -> 0 | L20: ='EJEC NO IMPRIMIR'!L20/EJECUTADO!$D$1 -> 0 | M20: ='EJEC NO IMPRIMIR'!M20/EJECUTADO!$D$1 -> 0 | ... AH20: ='EJEC NO IMPRIMIR'!AH20/EJECUTADO!$D$1 -> 0 | AJ20: =+AH20-AE20-AD20 -> 0 | AM20: =+AJ20+AL20 -> 0 | AQ20: =+AP20/$AQ$8 -> 0 | AR20: =+AM20-AQ20 -> 0
B21: 12 | D21: RECUPERACION DE PRESTAMOS | F21: ='EJEC NO IMPRIMIR'!F21/EJECUTADO!$D$1 -> 1680143.1 | G21: ='EJEC NO IMPRIMIR'!G21/EJECUTADO!$D$1 -> 1270727.3 | H21: ='EJEC NO IMPRIMIR'!H21/EJECUTADO!$D$1 -> 669201.32 | I21: ='EJEC NO IMPRIMIR'!I21/EJECUTADO!$D$1 -> 3513863.7 | J21: ='EJEC NO IMPRIMIR'!J21/EJECUTADO!$D$1 -> 0 | K21: ='EJEC NO IMPRIMIR'!K21/EJECUTADO!$D$1 -> 42214079 | L21: ='EJEC NO IMPRIMIR'!L21/EJECUTADO!$D$1 -> 130503.55 | M21: ='EJEC NO IMPRIMIR'!M21/EJECUTADO!$D$1 -> 429514 | ... AH21: ='EJEC NO IMPRIMIR'!AH21/EJECUTADO!$D$1 -> 61961855 | AJ21: =+AH21-AE21-AD21 -> 61822085 | AL21: =+#REF! -> #REF! | AM21: =+AJ21+AL21 -> #REF! | AP21: 4590792528 | AQ21: =+AP21/$AQ$8 -> 4590792.5 | AR21: =+AM21-AQ21 -> #REF!
B22: 13 | D22: TRANSF. PARA GASTOS DE CAPITAL | F22: ='EJEC NO IMPRIMIR'!F22/EJECUTADO!$D$1 -> 0 | G22: ='EJEC NO IMPRIMIR'!G22/EJECUTADO!$D$1 -> 4959938.5 | H22: ='EJEC NO IMPRIMIR'!H22/EJECUTADO!$D$1 -> 11716385 | I22: ='EJEC NO IMPRIMIR'!I22/EJECUTADO!$D$1 -> 5113616.1 | J22: ='EJEC NO IMPRIMIR'!J22/EJECUTADO!$D$1 -> 0 | K22: ='EJEC NO IMPRIMIR'!K22/EJECUTADO!$D$1 -> 87532207 | L22: ='EJEC NO IMPRIMIR'!L22/EJECUTADO!$D$1 -> 0 | M22: ='EJEC NO IMPRIMIR'!M22/EJECUTADO!$D$1 -> 0 | ... AH22: ='EJEC NO IMPRIMIR'!AH22/EJECUTADO!$D$1 -> 6.4097589e+08 | AJ22: =+AH22-AE22-AD22 -> 6.4097589e+08 | AL22: =+#REF! -> #REF! | AM22: =+AJ22+AL22 -> #REF! | AP22: 370760546774 | AQ22: =+AP22/$AQ$8 -> 3.7076055e+08 | AR22: =+AM22-AQ22 -> #REF!
B23: 01 | D23: Al Sector Privado | F23: ='EJEC NO IMPRIMIR'!F23/EJECUTADO!$D$1 -> 0 | G23: ='EJEC NO IMPRIMIR'!G23/EJECUTADO!$D$1 -> 0 | H23: ='EJEC NO IMPRIMIR'!H23/EJECUTADO!$D$1 -> 0 | I23: ='EJEC NO IMPRIMIR'!I23/EJECUTADO!$D$1 -> 0 | J23: ='EJEC NO IMPRIMIR'!J23/EJECUTADO!$D$1 -> 0 | K23: ='EJEC NO IMPRIMIR'!K23/EJECUTADO!$D$1 -> 2200000 | L23: ='EJEC NO IMPRIMIR'!L23/EJECUTADO!$D$1 -> 0 | M23: ='EJEC NO IMPRIMIR'!M23/EJECUTADO!$D$1 -> 0 | ... AH23: ='EJEC NO IMPRIMIR'!AH23/EJECUTADO!$D$1 -> 1.0405598e+08
B24: 02 | D24: Al Gobierno Central | F24: ='EJEC NO IMPRIMIR'!F24/EJECUTADO!$D$1 -> 0 | G24: ='EJEC NO IMPRIMIR'!G24/EJECUTADO!$D$1 -> 4959938.5 | H24: ='EJEC NO IMPRIMIR'!H24/EJECUTADO!$D$1 -> 11716385 | I24: ='EJEC NO IMPRIMIR'!I24/EJECUTADO!$D$1 -> 5113616.1 | J24: ='EJEC NO IMPRIMIR'!J24/EJECUTADO!$D$1 -> 0 | K24: ='EJEC NO IMPRIMIR'!K24/EJECUTADO!$D$1 -> 85332207 | L24: ='EJEC NO IMPRIMIR'!L24/EJECUTADO!$D$1 -> 0 | M24: ='EJEC NO IMPRIMIR'!M24/EJECUTADO!$D$1 -> 0 | ... AH24: ='EJEC NO IMPRIMIR'!AH24/EJECUTADO!$D$1 -> 5.3691992e+08
D25: 001 - I.V.A Concesiones Obras Públicas | F25: ='EJEC NO IMPRIMIR'!F25/EJECUTADO!$D$1 -> 0 | G25: ='EJEC NO IMPRIMIR'!G25/EJECUTADO!$D$1 -> 0 | H25: ='EJEC NO IMPRIMIR'!H25/EJECUTADO!$D$1 -> 0 | I25: ='EJEC NO IMPRIMIR'!I25/EJECUTADO!$D$1 -> 0 | J25: ='EJEC NO IMPRIMIR'!J25/EJECUTADO!$D$1 -> 0 | K25: ='EJEC NO IMPRIMIR'!K25/EJECUTADO!$D$1 -> 0 | L25: ='EJEC NO IMPRIMIR'!L25/EJECUTADO!$D$1 -> 0 | M25: ='EJEC NO IMPRIMIR'!M25/EJECUTADO!$D$1 -> 0 | ... AH25: ='EJEC NO IMPRIMIR'!AH25/EJECUTADO!$D$1 -> 378789406
D26: 002 - Fondo De Infraestructura | F26: ='EJEC NO IMPRIMIR'!F26/EJECUTADO!$D$1 -> 0 | G26: ='EJEC NO IMPRIMIR'!G26/EJECUTADO!$D$1 -> 0 | H26: ='EJEC NO IMPRIMIR'!H26/EJECUTADO!$D$1 -> 0 | I26: ='EJEC NO IMPRIMIR'!I26/EJECUTADO!$D$1 -> 0 | J26: ='EJEC NO IMPRIMIR'!J26/EJECUTADO!$D$1 -> 0 | K26: ='EJEC NO IMPRIMIR'!K26/EJECUTADO!$D$1 -> 0 | L26: ='EJEC NO IMPRIMIR'!L26/EJECUTADO!$D$1 -> 0 | M26: ='EJEC NO IMPRIMIR'!M26/EJECUTADO!$D$1 -> 0 | ... AH26: ='EJEC NO IMPRIMIR'!AH26/EJECUTADO!$D$1 -> 17289000
D27: 003 - Servicio Nacional del Patrimonio Cultural | F27: ='EJEC NO IMPRIMIR'!F27/EJECUTADO!$D$1 -> 0 | G27: ='EJEC NO IMPRIMIR'!G27/EJECUTADO!$D$1 -> 500000 | H27: ='EJEC NO IMPRIMIR'!H27/EJECUTADO!$D$1 -> 5000000 | I27: ='EJEC NO IMPRIMIR'!I27/EJECUTADO!$D$1 -> 0 | J27: ='EJEC NO IMPRIMIR'!J27/EJECUTADO!$D$1 -> 0 | K27: ='EJEC NO IMPRIMIR'!K27/EJECUTADO!$D$1 -> 0 | L27: ='EJEC NO IMPRIMIR'!L27/EJECUTADO!$D$1 -> 0 | M27: ='EJEC NO IMPRIMIR'!M27/EJECUTADO!$D$1 -> 0 | ... AH27: ='EJEC NO IMPRIMIR'!AH27/EJECUTADO!$D$1 -> 5500000
D28: 005 - Reintegro IVA Concesiones DGAC | F28: ='EJEC NO IMPRIMIR'!F28/EJECUTADO!$D$1 -> 0 | G28: ='EJEC NO IMPRIMIR'!G28/EJECUTADO!$D$1 -> 0 | H28: ='EJEC NO IMPRIMIR'!H28/EJECUTADO!$D$1 -> 0 | I28: ='EJEC NO IMPRIMIR'!I28/EJECUTADO!$D$1 -> 0 | J28: ='EJEC NO IMPRIMIR'!J28/EJECUTADO!$D$1 -> 0 | K28: ='EJEC NO IMPRIMIR'!K28/EJECUTADO!$D$1 -> 0 | L28: ='EJEC NO IMPRIMIR'!L28/EJECUTADO!$D$1 -> 0 | M28: ='EJEC NO IMPRIMIR'!M28/EJECUTADO!$D$1 -> 0 | ... AH28: ='EJEC NO IMPRIMIR'!AH28/EJECUTADO!$D$1 -> 0
D29: 014 - Servicio Agricola y Ganadero | F29: ='EJEC NO IMPRIMIR'!F29/EJECUTADO!$D$1 -> 0 | G29: ='EJEC NO IMPRIMIR'!G29/EJECUTADO!$D$1 -> 0 | H29: ='EJEC NO IMPRIMIR'!H29/EJECUTADO!$D$1 -> 0 | I29: ='EJEC NO IMPRIMIR'!I29/EJECUTADO!$D$1 -> 0 | J29: ='EJEC NO IMPRIMIR'!J29/EJECUTADO!$D$1 -> 0 | K29: ='EJEC NO IMPRIMIR'!K29/EJECUTADO!$D$1 -> 0 | L29: ='EJEC NO IMPRIMIR'!L29/EJECUTADO!$D$1 -> 0 | M29: ='EJEC NO IMPRIMIR'!M29/EJECUTADO!$D$1 -> 0 | ... AH29: ='EJEC NO IMPRIMIR'!AH29/EJECUTADO!$D$1 -> 0
D30: 015 - Servicio Nacional de Aduanas | F30: ='EJEC NO IMPRIMIR'!F30/EJECUTADO!$D$1 -> 0 | G30: ='EJEC NO IMPRIMIR'!G30/EJECUTADO!$D$1 -> 0 | H30: ='EJEC NO IMPRIMIR'!H30/EJECUTADO!$D$1 -> 0 | I30: ='EJEC NO IMPRIMIR'!I30/EJECUTADO!$D$1 -> 0 | J30: ='EJEC NO IMPRIMIR'!J30/EJECUTADO!$D$1 -> 0 | K30: ='EJEC NO IMPRIMIR'!K30/EJECUTADO!$D$1 -> 0 | L30: ='EJEC NO IMPRIMIR'!L30/EJECUTADO!$D$1 -> 0 | M30: ='EJEC NO IMPRIMIR'!M30/EJECUTADO!$D$1 -> 0 | ... AH30: ='EJEC NO IMPRIMIR'!AH30/EJECUTADO!$D$1 -> 0
D31: 027 - SUBDERE - Recuperacion Region del Maule | F31: ='EJEC NO IMPRIMIR'!F31/EJECUTADO!$D$1 -> 0 | G31: ='EJEC NO IMPRIMIR'!G31/EJECUTADO!$D$1 -> 0 | H31: ='EJEC NO IMPRIMIR'!H31/EJECUTADO!$D$1 -> 0 | I31: ='EJEC NO IMPRIMIR'!I31/EJECUTADO!$D$1 -> 0 | J31: ='EJEC NO IMPRIMIR'!J31/EJECUTADO!$D$1 -> 0 | K31: ='EJEC NO IMPRIMIR'!K31/EJECUTADO!$D$1 -> 0 | L31: ='EJEC NO IMPRIMIR'!L31/EJECUTADO!$D$1 -> 0 | M31: ='EJEC NO IMPRIMIR'!M31/EJECUTADO!$D$1 -> 0 | ... AH31: ='EJEC NO IMPRIMIR'!AH31/EJECUTADO!$D$1 -> 0
D32: 029 - Subsecretaria de las Culturas y las Artes | F32: ='EJEC NO IMPRIMIR'!F32/EJECUTADO!$D$1 -> 0 | G32: ='EJEC NO IMPRIMIR'!G32/EJECUTADO!$D$1 -> 0 | H32: ='EJEC NO IMPRIMIR'!H32/EJECUTADO!$D$1 -> 6716385 | I32: ='EJEC NO IMPRIMIR'!I32/EJECUTADO!$D$1 -> 0 | J32: ='EJEC NO IMPRIMIR'!J32/EJECUTADO!$D$1 -> 0 | K32: ='EJEC NO IMPRIMIR'!K32/EJECUTADO!$D$1 -> 0 | L32: ='EJEC NO IMPRIMIR'!L32/EJECUTADO!$D$1 -> 0 | M32: ='EJEC NO IMPRIMIR'!M32/EJECUTADO!$D$1 -> 0 | ... AH32: ='EJEC NO IMPRIMIR'!AH32/EJECUTADO!$D$1 -> 6716385
D33: 300 - De Programa de Infraestructura para el Buen Vivir | F33: ='EJEC NO IMPRIMIR'!F33/EJECUTADO!$D$1 -> 0 | G33: ='EJEC NO IMPRIMIR'!G33/EJECUTADO!$D$1 -> 4459938.5 | H33: ='EJEC NO IMPRIMIR'!H33/EJECUTADO!$D$1 -> 0 | I33: ='EJEC NO IMPRIMIR'!I33/EJECUTADO!$D$1 -> 5113616.1 | J33: ='EJEC NO IMPRIMIR'!J33/EJECUTADO!$D$1 -> 0 | K33: ='EJEC NO IMPRIMIR'!K33/EJECUTADO!$D$1 -> 85332207 | L33: ='EJEC NO IMPRIMIR'!L33/EJECUTADO!$D$1 -> 0 | M33: ='EJEC NO IMPRIMIR'!M33/EJECUTADO!$D$1 -> 0 | ... AH33: ='EJEC NO IMPRIMIR'!AH33/EJECUTADO!$D$1 -> 1.2862513e+08
D34: 301 - De Fondo De Infraestructura para el Desarrollo 2023 | F34: ='EJEC NO IMPRIMIR'!F34/EJECUTADO!$D$1 -> 0 | G34: ='EJEC NO IMPRIMIR'!G34/EJECUTADO!$D$1 -> 0 | H34: ='EJEC NO IMPRIMIR'!H34/EJECUTADO!$D$1 -> 0 | I34: ='EJEC NO IMPRIMIR'!I34/EJECUTADO!$D$1 -> 0 | J34: ='EJEC NO IMPRIMIR'!J34/EJECUTADO!$D$1 -> 0 | K34: ='EJEC NO IMPRIMIR'!K34/EJECUTADO!$D$1 -> 0 | L34: ='EJEC NO IMPRIMIR'!L34/EJECUTADO!$D$1 -> 0 | M34: ='EJEC NO IMPRIMIR'!M34/EJECUTADO!$D$1 -> 0 | ... AH34: ='EJEC NO IMPRIMIR'!AH34/EJECUTADO!$D$1 -> 0
D35: 400 - FET por Incendios - Ley N°21.681
B36: 14 | D36: ENDEUDAMIENTO | F36: ='EJEC NO IMPRIMIR'!F36/EJECUTADO!$D$1 -> 0 | G36: ='EJEC NO IMPRIMIR'!G36/EJECUTADO!$D$1 -> 0 | H36: ='EJEC NO IMPRIMIR'!H36/EJECUTADO!$D$1 -> 0 | I36: ='EJEC NO IMPRIMIR'!I36/EJECUTADO!$D$1 -> 0 | J36: ='EJEC NO IMPRIMIR'!J36/EJECUTADO!$D$1 -> 0 | K36: ='EJEC NO IMPRIMIR'!K36/EJECUTADO!$D$1 -> 0 | L36: ='EJEC NO IMPRIMIR'!L36/EJECUTADO!$D$1 -> 0 | M36: ='EJEC NO IMPRIMIR'!M36/EJECUTADO!$D$1 -> 0 | ... AH36: ='EJEC NO IMPRIMIR'!AH36/EJECUTADO!$D$1 -> 0 | AJ36: =+AH36-AE36-AD36 -> 0 | AM36: =+AJ36+AL36 -> 0 | AQ36: =+AP36/$AQ$8 -> 0 | AR36: =+AM36-AQ36 -> 0
B37: 15 | D37: SALDO INICIAL DE CAJA | F37: ='EJEC NO IMPRIMIR'!F37/EJECUTADO!$D$1 -> -2256080.1 | G37: ='EJEC NO IMPRIMIR'!G37/EJECUTADO!$D$1 -> 17041284 | H37: ='EJEC NO IMPRIMIR'!H37/EJECUTADO!$D$1 -> 0 | I37: ='EJEC NO IMPRIMIR'!I37/EJECUTADO!$D$1 -> 3408368.2 | J37: ='EJEC NO IMPRIMIR'!J37/EJECUTADO!$D$1 -> 1360999.3 | K37: ='EJEC NO IMPRIMIR'!K37/EJECUTADO!$D$1 -> -1.1830163e+08 | L37: ='EJEC NO IMPRIMIR'!L37/EJECUTADO!$D$1 -> 1002899.5 | M37: ='EJEC NO IMPRIMIR'!M37/EJECUTADO!$D$1 -> -4439394.3 | ... AH37: ='EJEC NO IMPRIMIR'!AH37/EJECUTADO!$D$1 -> 1.3159305e+08 | AJ37: =+AH37-AE37-AD37 -> 1.3149944e+08 | AL37: =+#REF! -> #REF! | AM37: =+AJ37+AL37 -> #REF! | AP37: 30008336678 | AQ37: =+AP37/$AQ$8 -> 30008337 | AR37: =+AM37-AQ37 -> #REF!
D38: G A S T O S | F38: =SUM(F39,F40,F41,F42,F48,F49,F50,F59,F60,F64,F65,F69,F70) -> 20190014 | G38: =SUM(G39,G40,G41,G42,G48,G49,G50,G59,G60,G64,G65,G69,G70) -> 33261163 | H38: =SUM(H39,H40,H41,H42,H48,H49,H50,H59,H60,H64,H65,H69,H70) -> 6094793.3 | I38: =SUM(I39,I40,I41,I42,I48,I49,I50,I59,I60,I64,I65,I69,I70) -> 1.2592084e+08 | J38: =SUM(J39,J40,J41,J42,J48,J49,J50,J59,J60,J64,J65,J69,J70) -> 8001229 | K38: =SUM(K39,K40,K41,K42,K48,K49,K50,K59,K60,K64,K65,K69,K70) -> 1.3149771e+09 | L38: =SUM(L39,L40,L41,L42,L48,L49,L50,L59,L60,L64,L65,L69,L70) -> 9061347.7 | M38: =SUM(M39,M40,M41,M42,M48,M49,M50,M59,M60,M64,M65,M69,M70) -> 1.0929768e+08 | ... AH38: =SUM(AH39,AH40,AH41,AH42,AH48,AH49,AH50,AH59,AH60,AH64,AH65,AH69,AH70) -> 2.8436078e+09 | AJ38: =SUM(AJ39,AJ40,AJ41,AJ42,AJ48,AJ49,AJ50,AJ59,AJ60,AJ64,AJ65,AJ69,AJ70) -> 2.8295917e+09 | AL38: =SUM(AL39,AL40,AL41,AL42,AL48,AL49,AL50,AL59,AL60,AL64,AL65,AL69,AL70) -> #REF! | AM38: =+AJ38+AL38 -> #REF! | AV38: =+AH38+#REF! -> #REF!
B39: 21 | D39: GASTOS EN PERSONAL | F39: ='EJEC NO IMPRIMIR'!F39/EJECUTADO!$D$1 -> 13634018 | G39: ='EJEC NO IMPRIMIR'!G39/EJECUTADO!$D$1 -> 9404511.9 | H39: ='EJEC NO IMPRIMIR'!H39/EJECUTADO!$D$1 -> 0 | I39: ='EJEC NO IMPRIMIR'!I39/EJECUTADO!$D$1 -> 15572328 | J39: ='EJEC NO IMPRIMIR'!J39/EJECUTADO!$D$1 -> 0 | K39: ='EJEC NO IMPRIMIR'!K39/EJECUTADO!$D$1 -> 65158074 | L39: ='EJEC NO IMPRIMIR'!L39/EJECUTADO!$D$1 -> 5896873.7 | M39: ='EJEC NO IMPRIMIR'!M39/EJECUTADO!$D$1 -> 29134318 | ... AH39: ='EJEC NO IMPRIMIR'!AH39/EJECUTADO!$D$1 -> 2.1991257e+08 | AJ39: =+AH39-AE39-AD39 -> 2.1061028e+08 | AL39: =+#REF! -> #REF! | AM39: =+AJ39+AL39 -> #REF! | AP39: 123974792808 | AQ39: =+AP39/$AQ$8 -> 1.2397479e+08 | AR39: =+AM39-AQ39 -> #REF!
B40: 22 | D40: BIENES Y SERVICIOS DE CONSUMO | F40: ='EJEC NO IMPRIMIR'!F40/EJECUTADO!$D$1 -> 4151876 | G40: ='EJEC NO IMPRIMIR'!G40/EJECUTADO!$D$1 -> 511702.49 | H40: ='EJEC NO IMPRIMIR'!H40/EJECUTADO!$D$1 -> 0 | I40: ='EJEC NO IMPRIMIR'!I40/EJECUTADO!$D$1 -> 2500192.2 | J40: ='EJEC NO IMPRIMIR'!J40/EJECUTADO!$D$1 -> 6840483.3 | K40: ='EJEC NO IMPRIMIR'!K40/EJECUTADO!$D$1 -> 4522616.9 | L40: ='EJEC NO IMPRIMIR'!L40/EJECUTADO!$D$1 -> 2088258.7 | M40: ='EJEC NO IMPRIMIR'!M40/EJECUTADO!$D$1 -> 24546643 | ... AH40: ='EJEC NO IMPRIMIR'!AH40/EJECUTADO!$D$1 -> 55726904 | AJ40: =+AH40-AE40-AD40 -> 52485030 | AL40: =+#REF! -> #REF! | AM40: =+AJ40+AL40 -> #REF! | AP40: 8478333006 | AQ40: =+AP40/$AQ$8 -> 8478333 | AR40: =+AM40-AQ40 -> #REF!
B41: 23 | D41: PRESTACIONES DE SEG. SOCIAL | F41: ='EJEC NO IMPRIMIR'!F41/EJECUTADO!$D$1 -> 152600.04 | G41: ='EJEC NO IMPRIMIR'!G41/EJECUTADO!$D$1 -> 265803.52 | H41: ='EJEC NO IMPRIMIR'!H41/EJECUTADO!$D$1 -> 0 | I41: ='EJEC NO IMPRIMIR'!I41/EJECUTADO!$D$1 -> 468606.52 | J41: ='EJEC NO IMPRIMIR'!J41/EJECUTADO!$D$1 -> 0 | K41: ='EJEC NO IMPRIMIR'!K41/EJECUTADO!$D$1 -> 963615.57 | L41: ='EJEC NO IMPRIMIR'!L41/EJECUTADO!$D$1 -> 157699.49 | M41: ='EJEC NO IMPRIMIR'!M41/EJECUTADO!$D$1 -> 767155.56 | ... AH41: ='EJEC NO IMPRIMIR'!AH41/EJECUTADO!$D$1 -> 3934080.8 | AJ41: =+AH41-AE41-AD41 -> 3871296.8 | AM41: =+AJ41+AL41 -> 3871296.8 | AP41: 2901888644 | AQ41: =+AP41/$AQ$8 -> 2901888.6 | AR41: =+AM41-AQ41 -> 969408.19
B42: 24 | D42: TRANSFERENCIAS CORRIENTES | F42: ='EJEC NO IMPRIMIR'!F42/EJECUTADO!$D$1 -> 0 | G42: ='EJEC NO IMPRIMIR'!G42/EJECUTADO!$D$1 -> 0 | H42: ='EJEC NO IMPRIMIR'!H42/EJECUTADO!$D$1 -> 0 | I42: ='EJEC NO IMPRIMIR'!I42/EJECUTADO!$D$1 -> 0 | J42: ='EJEC NO IMPRIMIR'!J42/EJECUTADO!$D$1 -> 0 | K42: ='EJEC NO IMPRIMIR'!K42/EJECUTADO!$D$1 -> 0 | L42: ='EJEC NO IMPRIMIR'!L42/EJECUTADO!$D$1 -> 0 | M42: ='EJEC NO IMPRIMIR'!M42/EJECUTADO!$D$1 -> 0 | ... AH42: ='EJEC NO IMPRIMIR'!AH42/EJECUTADO!$D$1 -> 3140481 | AJ42: =+AH42-AE42-AD42 -> 3140481 | AM42: =+AJ42+AL42 -> 3140481 | AP42: 536526757 | AQ42: =+AP42/$AQ$8 -> 536526.76 | AR42: =+AM42-AQ42 -> 2603954.2
B43: 01 | D43: Al Sector Privado | F43: ='EJEC NO IMPRIMIR'!F43/EJECUTADO!$D$1 -> 0 | G43: ='EJEC NO IMPRIMIR'!G43/EJECUTADO!$D$1 -> 0 | H43: ='EJEC NO IMPRIMIR'!H43/EJECUTADO!$D$1 -> 0 | I43: ='EJEC NO IMPRIMIR'!I43/EJECUTADO!$D$1 -> 0 | J43: ='EJEC NO IMPRIMIR'!J43/EJECUTADO!$D$1 -> 0 | K43: ='EJEC NO IMPRIMIR'!K43/EJECUTADO!$D$1 -> 0 | L43: ='EJEC NO IMPRIMIR'!L43/EJECUTADO!$D$1 -> 0 | M43: ='EJEC NO IMPRIMIR'!M43/EJECUTADO!$D$1 -> 0 | ... AH43: ='EJEC NO IMPRIMIR'!AH43/EJECUTADO!$D$1 -> 267116.38
B44: 02 | D44: Al Gobierno Central | F44: ='EJEC NO IMPRIMIR'!F44/EJECUTADO!$D$1 -> 0 | G44: ='EJEC NO IMPRIMIR'!G44/EJECUTADO!$D$1 -> 0 | H44: ='EJEC NO IMPRIMIR'!H44/EJECUTADO!$D$1 -> 0 | I44: ='EJEC NO IMPRIMIR'!I44/EJECUTADO!$D$1 -> 0 | J44: ='EJEC NO IMPRIMIR'!J44/EJECUTADO!$D$1 -> 0 | K44: ='EJEC NO IMPRIMIR'!K44/EJECUTADO!$D$1 -> 0 | L44: ='EJEC NO IMPRIMIR'!L44/EJECUTADO!$D$1 -> 0 | M44: ='EJEC NO IMPRIMIR'!M44/EJECUTADO!$D$1 -> 0 | ... AH44: ='EJEC NO IMPRIMIR'!AH44/EJECUTADO!$D$1 -> 1927703.2
B45: 03 | D45: A otras Entidades Públicas | F45: ='EJEC NO IMPRIMIR'!F45/EJECUTADO!$D$1 -> 0 | G45: ='EJEC NO IMPRIMIR'!G45/EJECUTADO!$D$1 -> 0 | H45: ='EJEC NO IMPRIMIR'!H45/EJECUTADO!$D$1 -> 0 | I45: ='EJEC NO IMPRIMIR'!I45/EJECUTADO!$D$1 -> 0 | J45: ='EJEC NO IMPRIMIR'!J45/EJECUTADO!$D$1 -> 0 | K45: ='EJEC NO IMPRIMIR'!K45/EJECUTADO!$D$1 -> 0 | L45: ='EJEC NO IMPRIMIR'!L45/EJECUTADO!$D$1 -> 0 | M45: ='EJEC NO IMPRIMIR'!M45/EJECUTADO!$D$1 -> 0 | ... AH45: ='EJEC NO IMPRIMIR'!AH45/EJECUTADO!$D$1 -> 730736.97
B46: 07 | D46: Organización para la Cooperación y Desarrollo Economico | F46: ='EJEC NO IMPRIMIR'!F46/EJECUTADO!$D$1 -> 0 | G46: ='EJEC NO IMPRIMIR'!G46/EJECUTADO!$D$1 -> 0 | H46: ='EJEC NO IMPRIMIR'!H46/EJECUTADO!$D$1 -> 0 | I46: ='EJEC NO IMPRIMIR'!I46/EJECUTADO!$D$1 -> 0 | J46: ='EJEC NO IMPRIMIR'!J46/EJECUTADO!$D$1 -> 0 | K46: ='EJEC NO IMPRIMIR'!K46/EJECUTADO!$D$1 -> 0 | L46: ='EJEC NO IMPRIMIR'!L46/EJECUTADO!$D$1 -> 0 | M46: ='EJEC NO IMPRIMIR'!M46/EJECUTADO!$D$1 -> 0 | ... AH46: ='EJEC NO IMPRIMIR'!AH46/EJECUTADO!$D$1 -> 84532.248
B47: 08 | D47: Aplicacion Leyes N° 20.998 y 21.435 | F47: ='EJEC NO IMPRIMIR'!F47/EJECUTADO!$D$1 -> 0 | G47: ='EJEC NO IMPRIMIR'!G47/EJECUTADO!$D$1 -> 0 | H47: ='EJEC NO IMPRIMIR'!H47/EJECUTADO!$D$1 -> 0 | I47: ='EJEC NO IMPRIMIR'!I47/EJECUTADO!$D$1 -> 0 | J47: ='EJEC NO IMPRIMIR'!J47/EJECUTADO!$D$1 -> 0 | K47: ='EJEC NO IMPRIMIR'!K47/EJECUTADO!$D$1 -> 0 | L47: ='EJEC NO IMPRIMIR'!L47/EJECUTADO!$D$1 -> 0 | M47: ='EJEC NO IMPRIMIR'!M47/EJECUTADO!$D$1 -> 0 | ... AH47: ='EJEC NO IMPRIMIR'!AH47/EJECUTADO!$D$1 -> 130392.19
B48: 25 | D48: INTEGROS AL FISCO | F48: ='EJEC NO IMPRIMIR'!F48/EJECUTADO!$D$1 -> 354211.92 | G48: ='EJEC NO IMPRIMIR'!G48/EJECUTADO!$D$1 -> 4241078.6 | H48: ='EJEC NO IMPRIMIR'!H48/EJECUTADO!$D$1 -> 0 | I48: ='EJEC NO IMPRIMIR'!I48/EJECUTADO!$D$1 -> 414344.58 | J48: ='EJEC NO IMPRIMIR'!J48/EJECUTADO!$D$1 -> 0 | K48: ='EJEC NO IMPRIMIR'!K48/EJECUTADO!$D$1 -> 3336905.4 | L48: ='EJEC NO IMPRIMIR'!L48/EJECUTADO!$D$1 -> 41228.98 | M48: ='EJEC NO IMPRIMIR'!M48/EJECUTADO!$D$1 -> 106810.98 | ... AH48: ='EJEC NO IMPRIMIR'!AH48/EJECUTADO!$D$1 -> 63794446 | AJ48: =+AH48-AE48-AD48 -> 63784615 | AM48: =+AJ48+AL48 -> 63784615 | AQ48: =+AP48/$AQ$8 -> 0 | AR48: =+AM48-AQ48 -> 63784615
B49: 26 | D49: OTROS GASTOS CORRIENTES | F49: ='EJEC NO IMPRIMIR'!F49/EJECUTADO!$D$1 -> 0 | G49: ='EJEC NO IMPRIMIR'!G49/EJECUTADO!$D$1 -> 0 | H49: ='EJEC NO IMPRIMIR'!H49/EJECUTADO!$D$1 -> 0 | I49: ='EJEC NO IMPRIMIR'!I49/EJECUTADO!$D$1 -> 58137.699 | J49: ='EJEC NO IMPRIMIR'!J49/EJECUTADO!$D$1 -> 0 | K49: ='EJEC NO IMPRIMIR'!K49/EJECUTADO!$D$1 -> 571879.98 | L49: ='EJEC NO IMPRIMIR'!L49/EJECUTADO!$D$1 -> 0 | M49: ='EJEC NO IMPRIMIR'!M49/EJECUTADO!$D$1 -> 9052.264 | ... AH49: ='EJEC NO IMPRIMIR'!AH49/EJECUTADO!$D$1 -> 1521273.4 | AJ49: =+AH49-AE49-AD49 -> 1521273.4 | AL49: =+#REF! -> #REF! | AM49: =+AJ49+AL49 -> #REF! | AP49: 1766087846 | AQ49: =+AP49/$AQ$8 -> 1766087.8 | AR49: =+AM49-AQ49 -> #REF!
B50: 29 | D50: ADQUIS. DE ACTIVOS NO FINANCIEROS | F50: ='EJEC NO IMPRIMIR'!F50/EJECUTADO!$D$1 -> 952282.06 | G50: ='EJEC NO IMPRIMIR'!G50/EJECUTADO!$D$1 -> 87337.007 | H50: ='EJEC NO IMPRIMIR'!H50/EJECUTADO!$D$1 -> 0 | I50: ='EJEC NO IMPRIMIR'!I50/EJECUTADO!$D$1 -> 452927.99 | J50: ='EJEC NO IMPRIMIR'!J50/EJECUTADO!$D$1 -> 0 | K50: ='EJEC NO IMPRIMIR'!K50/EJECUTADO!$D$1 -> 92895.203 | L50: ='EJEC NO IMPRIMIR'!L50/EJECUTADO!$D$1 -> 108589.56 | M50: ='EJEC NO IMPRIMIR'!M50/EJECUTADO!$D$1 -> 7457.074 | ... AH50: ='EJEC NO IMPRIMIR'!AH50/EJECUTADO!$D$1 -> 8098858.7 | AJ50: =+AH50-AE50-AD50 -> 8016062.7 | AL50: =SUM(AL51:AL59) -> #REF! | AM50: =+AJ50+AL50 -> #REF! | AP50: 2967276760 | AQ50: =+AP50/$AQ$8 -> 2967276.8 | AR50: =+AM50-AQ50 -> #REF!
B51: 01 | D51: Terrenos | F51: ='EJEC NO IMPRIMIR'!F51/EJECUTADO!$D$1 -> 0 | G51: ='EJEC NO IMPRIMIR'!G51/EJECUTADO!$D$1 -> 0 | H51: ='EJEC NO IMPRIMIR'!H51/EJECUTADO!$D$1 -> 0 | I51: ='EJEC NO IMPRIMIR'!I51/EJECUTADO!$D$1 -> 0 | J51: ='EJEC NO IMPRIMIR'!J51/EJECUTADO!$D$1 -> 0 | K51: ='EJEC NO IMPRIMIR'!K51/EJECUTADO!$D$1 -> 0 | L51: ='EJEC NO IMPRIMIR'!L51/EJECUTADO!$D$1 -> 0 | M51: ='EJEC NO IMPRIMIR'!M51/EJECUTADO!$D$1 -> 0 | ... AH51: ='EJEC NO IMPRIMIR'!AH51/EJECUTADO!$D$1 -> 0 | AJ51: =+AH51-AE51-AD51 -> 0 | AM51: =+AJ51+AL51 -> 0 | AQ51: =+AP51/$AQ$8 -> 0 | AR51: =+AM51-AQ51 -> 0
B52: 02 | D52: Edificios | F52: ='EJEC NO IMPRIMIR'!F52/EJECUTADO!$D$1 -> 0 | G52: ='EJEC NO IMPRIMIR'!G52/EJECUTADO!$D$1 -> 0 | H52: ='EJEC NO IMPRIMIR'!H52/EJECUTADO!$D$1 -> 0 | I52: ='EJEC NO IMPRIMIR'!I52/EJECUTADO!$D$1 -> 0 | J52: ='EJEC NO IMPRIMIR'!J52/EJECUTADO!$D$1 -> 0 | K52: ='EJEC NO IMPRIMIR'!K52/EJECUTADO!$D$1 -> 0 | L52: ='EJEC NO IMPRIMIR'!L52/EJECUTADO!$D$1 -> 0 | M52: ='EJEC NO IMPRIMIR'!M52/EJECUTADO!$D$1 -> 0 | ... AH52: ='EJEC NO IMPRIMIR'!AH52/EJECUTADO!$D$1 -> 0 | AJ52: =+AH52-AE52-AD52 -> 0 | AM52: =+AJ52+AL52 -> 0 | AQ52: =+AP52/$AQ$8 -> 0 | AR52: =+AM52-AQ52 -> 0
B53: 03 | D53: Vehiculos | F53: ='EJEC NO IMPRIMIR'!F53/EJECUTADO!$D$1 -> 0 | G53: ='EJEC NO IMPRIMIR'!G53/EJECUTADO!$D$1 -> 0 | H53: ='EJEC NO IMPRIMIR'!H53/EJECUTADO!$D$1 -> 0 | I53: ='EJEC NO IMPRIMIR'!I53/EJECUTADO!$D$1 -> 0 | J53: ='EJEC NO IMPRIMIR'!J53/EJECUTADO!$D$1 -> 0 | K53: ='EJEC NO IMPRIMIR'!K53/EJECUTADO!$D$1 -> 0 | L53: ='EJEC NO IMPRIMIR'!L53/EJECUTADO!$D$1 -> 0 | M53: ='EJEC NO IMPRIMIR'!M53/EJECUTADO!$D$1 -> 0 | ... AH53: ='EJEC NO IMPRIMIR'!AH53/EJECUTADO!$D$1 -> 3364459.1 | AJ53: =+AH53-AE53-AD53 -> 3364459.1 | AL53: =+#REF! -> #REF! | AM53: =+AJ53+AL53 -> #REF! | AQ53: =+AP53/$AQ$8 -> 0
B54: 04 | D54: Mobiliario y Otros | F54: ='EJEC NO IMPRIMIR'!F54/EJECUTADO!$D$1 -> 0 | G54: ='EJEC NO IMPRIMIR'!G54/EJECUTADO!$D$1 -> 0 | H54: ='EJEC NO IMPRIMIR'!H54/EJECUTADO!$D$1 -> 0 | I54: ='EJEC NO IMPRIMIR'!I54/EJECUTADO!$D$1 -> 0 | J54: ='EJEC NO IMPRIMIR'!J54/EJECUTADO!$D$1 -> 0 | K54: ='EJEC NO IMPRIMIR'!K54/EJECUTADO!$D$1 -> 0 | L54: ='EJEC NO IMPRIMIR'!L54/EJECUTADO!$D$1 -> 0 | M54: ='EJEC NO IMPRIMIR'!M54/EJECUTADO!$D$1 -> 0 | ... AH54: ='EJEC NO IMPRIMIR'!AH54/EJECUTADO!$D$1 -> 0 | AJ54: =+AH54-AE54-AD54 -> 0 | AL54: =+#REF! -> #REF! | AM54: =+AJ54+AL54 -> #REF! | AQ54: =+AP54/$AQ$8 -> 0
B55: 05 | D55: Maquinas y Equipos | F55: ='EJEC NO IMPRIMIR'!F55/EJECUTADO!$D$1 -> 8935.992 | G55: ='EJEC NO IMPRIMIR'!G55/EJECUTADO!$D$1 -> 0 | H55: ='EJEC NO IMPRIMIR'!H55/EJECUTADO!$D$1 -> 0 | I55: ='EJEC NO IMPRIMIR'!I55/EJECUTADO!$D$1 -> 0 | J55: ='EJEC NO IMPRIMIR'!J55/EJECUTADO!$D$1 -> 0 | K55: ='EJEC NO IMPRIMIR'!K55/EJECUTADO!$D$1 -> 2454.375 | L55: ='EJEC NO IMPRIMIR'!L55/EJECUTADO!$D$1 -> 4189.56 | M55: ='EJEC NO IMPRIMIR'!M55/EJECUTADO!$D$1 -> 7457.074 | ... AH55: ='EJEC NO IMPRIMIR'!AH55/EJECUTADO!$D$1 -> 1197249.6 | AJ55: =+AH55-AE55-AD55 -> 1197249.6 | AL55: =+#REF! -> #REF! | AM55: =+AJ55+AL55 -> #REF! | AQ55: =+AP55/$AQ$8 -> 0
B56: 06 | D56: Equipos Informáticos | F56: ='EJEC NO IMPRIMIR'!F56/EJECUTADO!$D$1 -> 161337.29 | G56: ='EJEC NO IMPRIMIR'!G56/EJECUTADO!$D$1 -> 64655.231 | H56: ='EJEC NO IMPRIMIR'!H56/EJECUTADO!$D$1 -> 0 | I56: ='EJEC NO IMPRIMIR'!I56/EJECUTADO!$D$1 -> 45982.321 | J56: ='EJEC NO IMPRIMIR'!J56/EJECUTADO!$D$1 -> 0 | K56: ='EJEC NO IMPRIMIR'!K56/EJECUTADO!$D$1 -> 90440.828 | L56: ='EJEC NO IMPRIMIR'!L56/EJECUTADO!$D$1 -> 0 | M56: ='EJEC NO IMPRIMIR'!M56/EJECUTADO!$D$1 -> 0 | ... AH56: ='EJEC NO IMPRIMIR'!AH56/EJECUTADO!$D$1 -> 616035.86 | AJ56: =+AH56-AE56-AD56 -> 609063.86 | AL56: =+#REF! -> #REF! | AM56: =+AJ56+AL56 -> #REF! | AQ56: =+AP56/$AQ$8 -> 0
B57: 07 | D57: Programas Informáticos | F57: ='EJEC NO IMPRIMIR'!F57/EJECUTADO!$D$1 -> 781764.95 | G57: ='EJEC NO IMPRIMIR'!G57/EJECUTADO!$D$1 -> 22681.776 | H57: ='EJEC NO IMPRIMIR'!H57/EJECUTADO!$D$1 -> 0 | I57: ='EJEC NO IMPRIMIR'!I57/EJECUTADO!$D$1 -> 406945.67 | J57: ='EJEC NO IMPRIMIR'!J57/EJECUTADO!$D$1 -> 0 | K57: ='EJEC NO IMPRIMIR'!K57/EJECUTADO!$D$1 -> 0 | L57: ='EJEC NO IMPRIMIR'!L57/EJECUTADO!$D$1 -> 104400 | M57: ='EJEC NO IMPRIMIR'!M57/EJECUTADO!$D$1 -> 0 | ... AH57: ='EJEC NO IMPRIMIR'!AH57/EJECUTADO!$D$1 -> 2920626.3 | AJ57: =+AH57-AE57-AD57 -> 2844802.3 | AM57: =+AJ57+AL57 -> 2844802.3 | AQ57: =+AP57/$AQ$8 -> 0
B58: 99 | D58: Otros Activos No Financieros | F58: ='EJEC NO IMPRIMIR'!F58/EJECUTADO!$D$1 -> 243.831 | G58: ='EJEC NO IMPRIMIR'!G58/EJECUTADO!$D$1 -> 0 | H58: ='EJEC NO IMPRIMIR'!H58/EJECUTADO!$D$1 -> 0 | I58: ='EJEC NO IMPRIMIR'!I58/EJECUTADO!$D$1 -> 0 | J58: ='EJEC NO IMPRIMIR'!J58/EJECUTADO!$D$1 -> 0 | K58: ='EJEC NO IMPRIMIR'!K58/EJECUTADO!$D$1 -> 0 | L58: ='EJEC NO IMPRIMIR'!L58/EJECUTADO!$D$1 -> 0 | M58: ='EJEC NO IMPRIMIR'!M58/EJECUTADO!$D$1 -> 0 | ... AH58: ='EJEC NO IMPRIMIR'!AH58/EJECUTADO!$D$1 -> 487.781 | AM58: =+AJ58+AL58 -> 0 | AQ58: =+AP58/$AQ$8 -> 0
B59: 30 | D59: ADQUIS. DE ACTIVOS FINANCIEROS | F59: ='EJEC NO IMPRIMIR'!F59/EJECUTADO!$D$1 -> 0 | G59: ='EJEC NO IMPRIMIR'!G59/EJECUTADO!$D$1 -> 0 | H59: ='EJEC NO IMPRIMIR'!H59/EJECUTADO!$D$1 -> 0 | I59: ='EJEC NO IMPRIMIR'!I59/EJECUTADO!$D$1 -> 0 | J59: ='EJEC NO IMPRIMIR'!J59/EJECUTADO!$D$1 -> 0 | K59: ='EJEC NO IMPRIMIR'!K59/EJECUTADO!$D$1 -> 0 | L59: ='EJEC NO IMPRIMIR'!L59/EJECUTADO!$D$1 -> 0 | M59: ='EJEC NO IMPRIMIR'!M59/EJECUTADO!$D$1 -> 0 | ... AH59: ='EJEC NO IMPRIMIR'!AH59/EJECUTADO!$D$1 -> 0 | AJ59: =+AH59-AE59-AD59 -> 0 | AM59: =+AJ59+AL59 -> 0 | AQ59: =+AP59/$AQ$8 -> 0 | AR59: =+AM59-AQ59 -> 0
B60: 31 | D60: INVERSION REAL | F60: ='EJEC NO IMPRIMIR'!F60/EJECUTADO!$D$1 -> 0 | G60: ='EJEC NO IMPRIMIR'!G60/EJECUTADO!$D$1 -> 15145125 | H60: ='EJEC NO IMPRIMIR'!H60/EJECUTADO!$D$1 -> 6094793.3 | I60: ='EJEC NO IMPRIMIR'!I60/EJECUTADO!$D$1 -> 83186117 | J60: ='EJEC NO IMPRIMIR'!J60/EJECUTADO!$D$1 -> 0 | K60: ='EJEC NO IMPRIMIR'!K60/EJECUTADO!$D$1 -> 1.0187867e+09 | L60: ='EJEC NO IMPRIMIR'!L60/EJECUTADO!$D$1 -> 0 | M60: ='EJEC NO IMPRIMIR'!M60/EJECUTADO!$D$1 -> 46638072 | ... AH60: ='EJEC NO IMPRIMIR'!AH60/EJECUTADO!$D$1 -> 1.6451041e+09 | AJ60: =+AH60-AE60-AD60 -> 1.6451041e+09 | AL60: =+#REF! -> #REF! | AM60: =+AJ60+AL60 -> #REF! | AP60: 1013054537763 | AQ60: =+AP60/$AQ$8 -> 1.0130545e+09 | AR60: =+AM60-AQ60 -> #REF!
B61: 01 | D61: Estudios Básicos | F61: ='EJEC NO IMPRIMIR'!F61/EJECUTADO!$D$1 -> 0 | G61: ='EJEC NO IMPRIMIR'!G61/EJECUTADO!$D$1 -> 0 | H61: ='EJEC NO IMPRIMIR'!H61/EJECUTADO!$D$1 -> 321775.23 | I61: ='EJEC NO IMPRIMIR'!I61/EJECUTADO!$D$1 -> 480329.43 | J61: ='EJEC NO IMPRIMIR'!J61/EJECUTADO!$D$1 -> 0 | K61: ='EJEC NO IMPRIMIR'!K61/EJECUTADO!$D$1 -> 2978993.4 | L61: ='EJEC NO IMPRIMIR'!L61/EJECUTADO!$D$1 -> 0 | M61: ='EJEC NO IMPRIMIR'!M61/EJECUTADO!$D$1 -> 0 | ... AH61: ='EJEC NO IMPRIMIR'!AH61/EJECUTADO!$D$1 -> 6556918.1 | AJ61: =+AH61-AE61-AD61 -> 6556918.1 | AM61: =+AJ61+AL61 -> 6556918.1 | AQ61: =+AP61/$AQ$8 -> 0
B62: 02 | D62: Proyectos | F62: ='EJEC NO IMPRIMIR'!F62/EJECUTADO!$D$1 -> 0 | G62: ='EJEC NO IMPRIMIR'!G62/EJECUTADO!$D$1 -> 15145125 | H62: ='EJEC NO IMPRIMIR'!H62/EJECUTADO!$D$1 -> 5773018.1 | I62: ='EJEC NO IMPRIMIR'!I62/EJECUTADO!$D$1 -> 82705787 | J62: ='EJEC NO IMPRIMIR'!J62/EJECUTADO!$D$1 -> 0 | K62: ='EJEC NO IMPRIMIR'!K62/EJECUTADO!$D$1 -> 1.0158077e+09 | L62: ='EJEC NO IMPRIMIR'!L62/EJECUTADO!$D$1 -> 0 | M62: ='EJEC NO IMPRIMIR'!M62/EJECUTADO!$D$1 -> 46638072 | ... AH62: ='EJEC NO IMPRIMIR'!AH62/EJECUTADO!$D$1 -> 1.6385472e+09 | AJ62: =+AH62-AE62-AD62 -> 1.6385472e+09 | AM62: =+AJ62+AL62 -> 1.6385472e+09 | AQ62: =+AP62/$AQ$8 -> 0
B63: 03 | D63: Programas | F63: ='EJEC NO IMPRIMIR'!F63/EJECUTADO!$D$1 -> 0 | G63: ='EJEC NO IMPRIMIR'!G63/EJECUTADO!$D$1 -> 0 | H63: ='EJEC NO IMPRIMIR'!H63/EJECUTADO!$D$1 -> 0 | I63: ='EJEC NO IMPRIMIR'!I63/EJECUTADO!$D$1 -> 0 | J63: ='EJEC NO IMPRIMIR'!J63/EJECUTADO!$D$1 -> 0 | K63: ='EJEC NO IMPRIMIR'!K63/EJECUTADO!$D$1 -> 0 | L63: ='EJEC NO IMPRIMIR'!L63/EJECUTADO!$D$1 -> 0 | M63: ='EJEC NO IMPRIMIR'!M63/EJECUTADO!$D$1 -> 0 | ... AH63: ='EJEC NO IMPRIMIR'!AH63/EJECUTADO!$D$1 -> 0 | AJ63: =+AH63-AE63-AD63 -> 0 | AM63: =+AJ63+AL63 -> 0 | AQ63: =+AP63/$AQ$8 -> 0 | AR63: =+AM63-AQ63 -> 0
B64: 32 | D64: PRESTAMOS | F64: ='EJEC NO IMPRIMIR'!F64/EJECUTADO!$D$1 -> 0 | G64: ='EJEC NO IMPRIMIR'!G64/EJECUTADO!$D$1 -> 0 | H64: ='EJEC NO IMPRIMIR'!H64/EJECUTADO!$D$1 -> 0 | I64: ='EJEC NO IMPRIMIR'!I64/EJECUTADO!$D$1 -> 0 | J64: ='EJEC NO IMPRIMIR'!J64/EJECUTADO!$D$1 -> 0 | K64: ='EJEC NO IMPRIMIR'!K64/EJECUTADO!$D$1 -> 0 | L64: ='EJEC NO IMPRIMIR'!L64/EJECUTADO!$D$1 -> 0 | M64: ='EJEC NO IMPRIMIR'!M64/EJECUTADO!$D$1 -> 0 | ... AH64: ='EJEC NO IMPRIMIR'!AH64/EJECUTADO!$D$1 -> 0 | AJ64: =+AH64-AE64-AD64 -> 0 | AM64: =+AJ64+AL64 -> 0 | AQ64: =+AP64/$AQ$8 -> 0 | AR64: =+AM64-AQ64 -> 0
B65: 33 | D65: TRANSF. DE CAPITAL | F65: ='EJEC NO IMPRIMIR'!F65/EJECUTADO!$D$1 -> 0 | G65: ='EJEC NO IMPRIMIR'!G65/EJECUTADO!$D$1 -> 0 | H65: ='EJEC NO IMPRIMIR'!H65/EJECUTADO!$D$1 -> 0 | I65: ='EJEC NO IMPRIMIR'!I65/EJECUTADO!$D$1 -> 0 | J65: ='EJEC NO IMPRIMIR'!J65/EJECUTADO!$D$1 -> 0 | K65: ='EJEC NO IMPRIMIR'!K65/EJECUTADO!$D$1 -> 0 | L65: ='EJEC NO IMPRIMIR'!L65/EJECUTADO!$D$1 -> 0 | M65: ='EJEC NO IMPRIMIR'!M65/EJECUTADO!$D$1 -> 0 | ... AH65: ='EJEC NO IMPRIMIR'!AH65/EJECUTADO!$D$1 -> 3.9108005e+08 | AJ65: =+AH65-AE65-AD65 -> 3.9108005e+08 | AM65: =+AJ65+AL65 -> 3.9108005e+08 | AP65: 223663773070 | AQ65: =+AP65/$AQ$8 -> 2.2366377e+08 | AR65: =+AM65-AQ65 -> 1.6741628e+08
B66: 01 | D66: Al Sector Privado | F66: ='EJEC NO IMPRIMIR'!F66/EJECUTADO!$D$1 -> 0 | G66: ='EJEC NO IMPRIMIR'!G66/EJECUTADO!$D$1 -> 0 | H66: ='EJEC NO IMPRIMIR'!H66/EJECUTADO!$D$1 -> 0 | I66: ='EJEC NO IMPRIMIR'!I66/EJECUTADO!$D$1 -> 0 | J66: ='EJEC NO IMPRIMIR'!J66/EJECUTADO!$D$1 -> 0 | K66: ='EJEC NO IMPRIMIR'!K66/EJECUTADO!$D$1 -> 0 | L66: ='EJEC NO IMPRIMIR'!L66/EJECUTADO!$D$1 -> 0 | M66: ='EJEC NO IMPRIMIR'!M66/EJECUTADO!$D$1 -> 0 | ... AH66: ='EJEC NO IMPRIMIR'!AH66/EJECUTADO!$D$1 -> 2.5977211e+08
B67: 02 | D67: Al Gobierno Central | F67: ='EJEC NO IMPRIMIR'!F67/EJECUTADO!$D$1 -> 0 | G67: ='EJEC NO IMPRIMIR'!G67/EJECUTADO!$D$1 -> 0 | H67: ='EJEC NO IMPRIMIR'!H67/EJECUTADO!$D$1 -> 0 | I67: ='EJEC NO IMPRIMIR'!I67/EJECUTADO!$D$1 -> 0 | J67: ='EJEC NO IMPRIMIR'!J67/EJECUTADO!$D$1 -> 0 | K67: ='EJEC NO IMPRIMIR'!K67/EJECUTADO!$D$1 -> 0 | L67: ='EJEC NO IMPRIMIR'!L67/EJECUTADO!$D$1 -> 0 | M67: ='EJEC NO IMPRIMIR'!M67/EJECUTADO!$D$1 -> 0 | ... AH67: ='EJEC NO IMPRIMIR'!AH67/EJECUTADO!$D$1 -> 1.2862513e+08
B68: 03 | D68: A Otras Entidades Públicas | F68: ='EJEC NO IMPRIMIR'!F68/EJECUTADO!$D$1 -> 0 | G68: ='EJEC NO IMPRIMIR'!G68/EJECUTADO!$D$1 -> 0 | H68: ='EJEC NO IMPRIMIR'!H68/EJECUTADO!$D$1 -> 0 | I68: ='EJEC NO IMPRIMIR'!I68/EJECUTADO!$D$1 -> 0 | J68: ='EJEC NO IMPRIMIR'!J68/EJECUTADO!$D$1 -> 0 | K68: ='EJEC NO IMPRIMIR'!K68/EJECUTADO!$D$1 -> 0 | L68: ='EJEC NO IMPRIMIR'!L68/EJECUTADO!$D$1 -> 0 | M68: ='EJEC NO IMPRIMIR'!M68/EJECUTADO!$D$1 -> 0 | ... AH68: ='EJEC NO IMPRIMIR'!AH68/EJECUTADO!$D$1 -> 2682815
B69: 34 | D69: SERVICIO DE LA DEUDA | F69: ='EJEC NO IMPRIMIR'!F69/EJECUTADO!$D$1 -> 945026.53 | G69: ='EJEC NO IMPRIMIR'!G69/EJECUTADO!$D$1 -> 3605604.7 | H69: ='EJEC NO IMPRIMIR'!H69/EJECUTADO!$D$1 -> 0 | I69: ='EJEC NO IMPRIMIR'!I69/EJECUTADO!$D$1 -> 23268189 | J69: ='EJEC NO IMPRIMIR'!J69/EJECUTADO!$D$1 -> 1160745.7 | K69: ='EJEC NO IMPRIMIR'!K69/EJECUTADO!$D$1 -> 2.2154442e+08 | L69: ='EJEC NO IMPRIMIR'!L69/EJECUTADO!$D$1 -> 768697.31 | M69: ='EJEC NO IMPRIMIR'!M69/EJECUTADO!$D$1 -> 8088172.8 | ... AH69: ='EJEC NO IMPRIMIR'!AH69/EJECUTADO!$D$1 -> 4.5129505e+08 | AJ69: =+AH69-AE69-AD69 -> 4.4997846e+08 | AL69: =+#REF! -> #REF! | AM69: =+AJ69+AL69 -> #REF! | AP69: 166165525133 | AQ69: =+AP69/$AQ$8 -> 1.6616553e+08 | AR69: =+AM69-AQ69 -> #REF!
B70: 35 | D70: SALDO FINAL DE CAJA | F70: ='EJEC NO IMPRIMIR'!F70/EJECUTADO!$D$1 -> 0 | G70: ='EJEC NO IMPRIMIR'!G70/EJECUTADO!$D$1 -> 0 | H70: ='EJEC NO IMPRIMIR'!H70/EJECUTADO!$D$1 -> 0 | I70: ='EJEC NO IMPRIMIR'!I70/EJECUTADO!$D$1 -> 0 | J70: ='EJEC NO IMPRIMIR'!J70/EJECUTADO!$D$1 -> 0 | K70: ='EJEC NO IMPRIMIR'!K70/EJECUTADO!$D$1 -> 0 | L70: ='EJEC NO IMPRIMIR'!L70/EJECUTADO!$D$1 -> 0 | M70: ='EJEC NO IMPRIMIR'!M70/EJECUTADO!$D$1 -> 0 | ... AH70: ='EJEC NO IMPRIMIR'!AH70/EJECUTADO!$D$1 -> 0 | AJ70: =+AH70-AE70-AD70 -> 0 | AM70: =+AJ70+AL70 -> 0
